 Dungeon Crawl Stone Soup version 0.32-a0-996-gb3226c233f (webtiles) character file.

Game seed: 9655329384824147772

1038717 HilariousDeathArtist the Conqueror (level 27, -18/323 HPs)
             Began as a Demonspawn Brigand on Apr 18, 2024.
             Was the Champion of Jiyva.
             Killed from afar by a Brimstone Fiend (39 damage)
             ... with damnation
             ... on level 7 of Gehenna on Apr 23, 2024.
             The game lasted 03:42:06 (76977 turns).

HilariousDeathArtist the Conqueror (DsBr)          Turns: 76977, Time: 03:42:06

Health: -18/323    AC: 37    Str: 17    XL:     27
Magic:  52/52      EV: 25    Int: 29    God:    Jiyva [******]
Gold:   1816       SH: 19    Dex: 21    Spells: 17/59 levels left

rFire   + . .        a - +9 trishula (holy)
rCold   + . .        s - +4 kite shield {AC+3}
rNeg    + + .        F - +4 ring mail of Ciream {Regen+ Int+3}
rPois   +            (helmet restricted)
rElec   +            I - +3 cloak of Odiph {rF+ Will+ SInv}
rCorr   +            S - +2 pair of gloves
SInv    +            (boots unavailable)
Will    +++++        l - amulet of Yesterday {Harm ^Fragile rPois Regen+ Str+4 SInv}
Stlth   +++++        r - ring "Duyll" {rElec rC+ Will+ MP+9 Stlth-}
HPRegen 3.93/turn    w - ring of Bal Dare {rN++ Int+6}
MPRegen 1.13/turn

%: harm (+30% outgoing, +20% incoming)
@: sanguine armoured, hasted, studying 3 skills, unable to read, very quick
A: hooves 3, ignite blood 3, robust 3, spiny 3, sanguine armour 3, antennae 2,
agile 1, clever 1, strong-willed 1, weak 1, acidic bite, translucent skin 1,
jelly sensing items, MP-powered wands, engulf
}: 11/15 runes: barnacled, slimy, silver, icy, abyssal, demonic, glowing,
magical, fiery, dark, gossamer
a: Renounce Religion, Oozemancy, Slimify


You were on level 7 of Gehenna.
You worshipped Jiyva.
Jiyva was exalted by your worship.
You visited 14 branches of the dungeon, and saw 70 of its levels.
You visited Pandemonium 3 times, and saw 10 of its levels.
You visited the Abyss 2 times.
You visited 2 bazaars.
You also visited: Bailey, Gauntlet and Ice Cave.

You collected 12409 gold pieces.
You spent 10593 gold pieces at shops.

Inventory:

Hand Weapons
 a - a +9 trishula of holy wrath (weapon)
   (You took it off Mennas in Pandemonium)
 b - a +9 antimagic broad axe
   (You took it off a spriggan berserker on level 2 of the Depths)
Missiles
 e - 13 curare-tipped darts
Armour
 q - the +3 helmet of a treasure trove {rPois rF+ Regen+}
   (You found it on level 5 of the Vaults)

   rF+:       It protects you from fire.
   rPois:     It protects you from poison.
   Regen+:    It increases your rate of health regeneration.
 s - a +4 kite shield of protection (worn)
   (You took it off a demonspawn warmonger in Pandemonium)
 u - the +6 ring mail of Agasi {rC+ rN+ Dex+4}
   (You found it on level 5 of the Pits of Slime)

   Dex+4:     It affects your dexterity (+4).
   rC+:       It protects you from cold.
   rN+:       It protects you from negative energy.
 F - the +4 ring mail of Ciream (worn) {Regen+ Int+3}
   (You found it in Pandemonium)

   Int+3:     It affects your intelligence (+3).
   Regen+:    It increases your rate of health regeneration.
 I - the +3 cloak of Odiph (worn) {rF+ Will+ SInv}
   (You found it in Pandemonium)

   rF+:       It protects you from fire.
   Will+:     It increases your willpower.
   SInv:      It lets you see invisible.
 S - a +2 pair of gloves (worn)
   (You found it on level 6 of the Dungeon)
Jewellery
 f - the ring "Adwiacou" {rF+ rC+ AC+4}
   (You bought it in a shop on level 2 of the Depths)

   [ring of protection]

   AC+4:      It affects your AC (+4).
   rF+:       It protects you from fire.
   rC+:       It protects you from cold.
 l - the amulet of Yesterday (around neck) {Harm ^Fragile rPois Regen+ Str+4 SInv}
   (You found it on level 4 of the Lair of Beasts)

   [amulet of regeneration]

   Str+4:     It affects your strength (+4).
   rPois:     It protects you from poison.
   SInv:      It lets you see invisible.
   Regen+:    It increases your rate of health regeneration.
   ^Fragile:  It will be destroyed if unequipped.
   Harm:      It increases damage dealt and taken.
 r - the ring "Duyll" (left hand) {rElec rC+ Will+ MP+9 Stlth-}
   (You found it in a Gauntlet)

   [ring of protection from cold]

   rC+:       It protects you from cold.
   rElec:     It insulates you from electricity.
   Will+:     It increases your willpower.
   MP+9:      It affects your magic capacity (+9).
   Stlth-:    It makes you less stealthy.
 w - the ring of Bal Dare (right hand) {rN++ Int+6}
   (You found it on level 13 of the Dungeon)

   [ring of intelligence]

   Int+6:     It affects your intelligence (+6).
   rN++:      It greatly protects you from negative energy.
Wands
 d - a wand of digging (24)
   (You found it on level 6 of the Dungeon)
 i - a wand of iceblast (58)
   (You took it off Joseph on level 8 of the Dungeon)
 p - a wand of paralysis (60)
   (You took it off Psyche on level 11 of the Dungeon)
 y - a wand of mindburst (46)
   (You found it on level 8 of the Dungeon)
Scrolls
 c - 12 scrolls of fog
 t - 13 scrolls of poison {!r}
 A - 2 scrolls of brand weapon
 D - 14 scrolls of blinking {!r}
 E - 18 scrolls of fear
 K - 8 scrolls of immolation {!r}
 O - 5 scrolls of silence
 V - 7 scrolls of revelation
 Y - 14 scrolls of teleportation {@r3}
 Z - a scroll of butterflies
Potions
 k - 9 potions of magic
 o - 6 potions of enlightenment
 B - 14 potions of brilliance
 G - 17 potions of ambrosia {!q}
 H - 3 potions of haste
 J - 19 potions of curing {@q1}
 L - a potion of cancellation
 M - 5 potions of might
 N - 11 potions of heal wounds {@q2}
 P - 11 potions of lignification {!q}
 R - 5 potions of resistance
 U - 9 potions of mutation {!q}
Miscellaneous
 g - a tin of tremorstones (inert)
   (You found it on level 4 of the Shoals)
 m - a phantom mirror
   (You found it on level 5 of the Vaults)
 n - the horn of Geryon
   (You took it off Geryon in the Vestibule of Hell)
 v - a lightning rod (inert)
   (You found it on level 5 of the Lair of Beasts)
 z - a box of beasts
   (You found it on level 5 of the Lair of Beasts)
 C - a phial of floods
   (You found it on level 5 of the Vaults)


   Skills:
 O Level 27 Fighting
 - Level 1.7 Short Blades
 - Level 18.7(20.0) Axes
 + Level 12.3(17.0) Polearms
 - Level 1.7 Throwing
 + Level 19.9 Armour
 + Level 22.1 Dodging
 + Level 13.1 Stealth
 + Level 17.6 Shields
 + Level 16.6 Spellcasting
 - Level 15.3 Necromancy
 * Level 20.4 Translocations
 + Level 14.1 Invocations
 + Level 15.3 Evocations


You had 17 spell levels left.
You knew the following spells:

 Your Spells              Type           Power      Damage    Failure   Level
a - Manifold Assault      Tloc           48%        N/A       1%          7
b - Blink                 Tloc           100%       N/A       0%          2
c - Death Channel         Necr           42%        N/A       1%          6
d - Fugue of the Fallen   Necr           85%        N/A       1%          3
g - Apportation           Tloc           100%       N/A       0%          1
s - Gell's Gavotte        Tloc           48%        2d(33-49) 1%          6
v - Dispersal             Tloc           48%        N/A       1%          6
x - Vampiric Draining     Necr           85%        2d12      1%          3
R - Borgnjor's Revivific  Necr           42%        N/A       43%         8

Your spell library contained the following spells:

 Spells                   Type           Power      Damage    Failure   Level
 Necrotise                Necr           100%       1d9       0%          1
 Lesser Beckoning         Tloc           100%       N/A       0%          2
 Maxwell's Portable Pile  Tloc           97%        2d(14-42) 0%          3
 Teleport Other           Tloc           97%        N/A       0%          3
 Kiss of Death            Conj/Necr      100%       2d13      1%          1
 Cigotuvi's Dreadful Rot  Necr/Alch/Air  100%       N/A       1%          2
 Momentum Strike          Conj/Tloc      100%       3d10      1%          2
 Volatile Blastmotes      Fire/Tloc      100%       2d18      1%          3
 Anguish                  Hex/Necr       31%        N/A       1%          4
 Animate Dead             Necr           85%        N/A       1%          4
 Dispel Undead            Necr           85%        3d27      1%          4
 Iskenderun's Mystic Bla  Conj/Tloc      70%        2d14      (+2d81%     4
 Martyr's Knell           Necr/Summ      62%        N/A       1%          4
 Vhi's Electric Charge    Tloc/Air       100%       N/A       1%          4
 Curse of Agony           Necr           85%        N/A       1%          5
 Summon Forest            Summ/Tloc      35%        N/A       1%          5
 Freeze                   Ice            96%        1d10      4%          1
 Sandblast                Erth           48%        2d12      4%          1
 Slow                     Hex            96%        N/A       4%          1
 Sting                    Conj/Alch      96%        1d9       4%          1
 Summon Small Mammal      Summ           96%        N/A       4%          1
 Borgnjor's Vile Clutch   Necr/Erth      31%        N/A       4%          5
 Jinxbite                 Hex            48%        N/A       6%          2
 Static Discharge         Conj/Air       48%        3-5/arc   6%          2
 Disjunction              Tloc           48%        N/A       6%          8
 Call Canine Familiar     Summ           24%        N/A       12%         3
 Confusing Touch          Hex            24%        N/A       12%         3
 Dazzling Flash           Conj/Hex       48%        N/A       12%         3
 Frozen Ramparts          Ice            48%        1d8       12%         3
 Hailstorm                Conj/Ice       24%        3d7       12%         3
 Inner Flame              Hex/Fire       24%        N/A       12%         3
 Mephitic Cloud           Conj/Alch/Air  24%        N/A       12%         3
 Ozocubu's Armour         Ice            24%        N/A       12%         3
 Passwall                 Erth           24%        N/A       12%         3
 Sigil of Binding         Hex            24%        N/A       12%         3
 Stone Arrow              Conj/Erth      48%        3d10      12%         3
 Summon Ice Beast         Ice/Summ       24%        N/A       12%         3
 Airstrike                Air            12%        2d(2-18)  38%         4
 Animate Armour           Summ/Erth      48%        N/A       38%         4
 Cause Fear               Hex            12%        N/A       38%         4
 Fulminant Prism          Conj/Alch      12%        3d8       38%         4
 Ignite Poison            Fire/Alch      24%        N/A       38%         4
 Leda's Liquefaction      Alch/Erth      12%        N/A       38%         4
 Petrify                  Alch/Erth      24%        N/A       38%         4
 Sticky Flame             Fire/Alch      24%        2d6       38%         4
 Summon Blazeheart Golem  Fire/Summ      24%        N/A       38%         4
 Summon Lightning Spire   Summ/Air       24%        N/A       38%         4
 Alistair's Intoxication  Alch           16%        N/A       75%         5
 Arcjolt                  Conj/Air       12%        1d22      75%         5
 Fireball                 Conj/Fire      12%        3d7       75%         5
 Irradiate                Conj/Alch      12%        3d15      75%         5
 Iskenderun's Battlesphe  Conj           24%        2d8       75%         5
 Metabolic Englaciation   Hex/Ice        12%        N/A       75%         5
 Silence                  Hex/Air        12%        N/A       75%         5
 Summon Mana Viper        Hex/Summ       24%        N/A       75%         5
 Yara's Violent Unravell  Hex/Alch       12%        3d7       75%         5
 Haunt                    Necr/Summ      31%        N/A       82%         7
 Rimeblight               Ice/Necr       31%        2d7       (prima82%   7
 Bombard                  Conj/Erth      12%        9d3       99%         6
 Eringya's Noxious Bog    Alch           12%        4d6       99%         6
 Permafrost Eruption      Ice/Erth       12%        2x4d4     99%         6
 Plasma Beam              Fire/Air       12%        2x1d23    99%         6
 Sculpt Simulacrum        Ice/Alch       12%        N/A       99%         6
 Enfeeble                 Hex            12%        N/A       100%        7
 Magnavolt                Erth/Air       12%        3d12      100%        7
 Monstrous Menagerie      Summ           12%        N/A       100%        7
 Ozocubu's Refrigeration  Ice            12%        4d10      100%        7
 Seismic Cannonade        Alch/Erth      12%        6d7       100%        7
 Spellforged Servitor     Conj/Summ      12%        N/A       100%        7
 Summon Hydra             Summ           12%        N/A       100%        7
 Fulsome Fusillade        Conj/Alch      12%        (3-5)d6   100%        8
 Ignition                 Fire           12%        3d6       100%        8
 Lehudib's Crystal Spear  Conj/Erth      12%        10d4      100%        8
 Chain Lightning          Conj/Air       12%        3d16      100%        9
 Death's Door             Necr           42%        N/A       100%        9
 Dragon's Call            Summ           12%        N/A       100%        9
 Polar Vortex             Ice            12%        12d1*     100%        9


Dungeon Overview and Level Annotations

Branches:
Dungeon (15/15)            Temple (0/1) D:7            Lair (5/5) D:10
 Shoals (4/4) Lair:2       Spider (4/4) Lair:3        Slime (5/5) Lair:4
    Orc (2/2) D:9             Elf (3/3) Orc:2        Vaults (5/5) D:14
  Crypt (3/3) Vaults:3       Tomb (0/3) Crypt:3      Depths (4/4) D:15
   Hell (visited)             Dis (0/7) Hell            Geh (7/7) Hell
    Coc (7/7) Hell            Tar (0/7) Hell            Zot (5/5) Depths:4
 Bailey (visited)           IceCv (visited)         Gauntlet (visited)

Altars:
Ashenzari
Dithmenos
Fedhas
Gozag
Hepliaklqana
Makhleb
Qazlal
Trog
Uskayaw
Vehumet
Xom
Yredelemnul
Beogh
Jiyva

Shops:
D:12 :   Orc:2 =[[(   Elf:1 *??(   Elf:2 ?   Elf:3 *   Shoals:2 *   Shoals:3 *
Vaults:1 ?[[   Vaults:2 (=   Depths:1 *   Depths:2 ==:=   Depths:4 :(

Portals:
Hell: Depths:1 Depths:2 Depths:3 Depths:4
Abyss: Depths:3
Pandemonium: Depths:2 Depths:4
Ziggurat: Depths:4

Annotations:
Slime:5 Royal Jelly
Zot:3 exclusions: orb of fire and protean progenitor
Zot:4 1 runed translucent door, Cuhyol's ghost, veteran MfSh


Innate Abilities, Weirdness & Mutations

Your facial features are unmistakably orcish.
You have hooves in place of feet.
Your demonic aura causes all spilled blood to erupt in flames.
You are extremely robust. (+30% HP)
You are completely covered in sharp spines.
When seriously injured, your blood forms very thick armour. (AC +12)
You have a pair of antennae on your head.
You are agile. (Dex +4, Str/Int -1)
Your mind is acute. (Int +4, Str/Dex -1)
You are strong-willed. (Will+)
You are weak. (Str -2)
You have acidic saliva.
Your translucent skin slightly reduces your foes' accuracy. (Stealth+)
You have a small jelly attached to you that senses nearby items.
You expend magic power (3 MP) to strengthen your wands.
Your melee attacks may engulf your foes in ooze.


Message History

Unknown command.
Okay, then.
You feel much better. The Brimstone Fiend misses you.
You block the Brimstone Fiend's attack. x2
A Brimstone Fiend comes into view.
You regained 28 hp, and now have 63/323 hp.
You feel yourself speed up. The Brimstone Fiend closely misses you.
The Brimstone Fiend hits you but does no damage.
You block the Brimstone Fiend's attack.
You regained 4 hp, and now have 67/323 hp.
Okay, then.
Press: ? - help, v - describe, . - travel
Here: a Brimstone Fiend (severely wounded, ally target) Ashen ground.
Okay, then.
There are monsters nearby!
Press: ? - help, Shift-Dir - straight line, f/p - Brimstone Fiend
Aim: a Brimstone Fiend (severely wounded, ally target)
The thunderbolt hits the Brimstone Fiend!
The thunderbolt hits the Brimstone Fiend.
The thunderbolt hits the Brimstone Fiend!!
The Brimstone Fiend gestures at you.
The sphere of damnation explodes!
The damnation engulfs you!!
* * * LOW HITPOINT WARNING * * *
The damnation engulfs your acid blob!!!
Your acid blob dies!
Your acid blob dissolves into a puddle of slime!
The damnation engulfs the Brimstone Fiend.
The Brimstone Fiend completely resists.
You hear a roar!
You hear a trumpeting!
You take 36 damage, and have 31/323 hp.
You feel much better.
You regained 21 hp, and now have 52/323 hp.
Press: ? - help, Shift-Dir - straight line, f/p - Brimstone Fiend
Aim: a Brimstone Fiend (almost dead)
The thunderbolt hits the Brimstone Fiend!
You kill the Brimstone Fiend!
The thunderbolt hits the Brimstone Fiend.
The thunderbolt hits the Brimstone Fiend!!
A Brimstone Fiend comes into view.
You regained 3 hp, and now have 55/323 hp.
You feel much better.
The Brimstone Fiend completely misses you.
You block the Brimstone Fiend's attack. x2
You regained 27 hp, and now have 82/323 hp.
MP restored: 52
Press: ? - help, Shift-Dir - straight line, f - Brimstone Fiend
Aim: a Brimstone Fiend (lightly wounded)
The thunderbolt hits the Brimstone Fiend!! x2
You hear a trumpeting!
You regained 3 hp, and now have 85/323 hp.
Press: ? - help, Shift-Dir - straight line, f/p - Brimstone Fiend
Aim: a Brimstone Fiend (moderately wounded)
The thunderbolt hits the Brimstone Fiend!! x2
You kill the Brimstone Fiend!
The lightning rod overheats!
The Brimstone Fiend gestures at you.
The sphere of damnation explodes!
The damnation engulfs the Brimstone Fiend.
The Brimstone Fiend completely resists.
The damnation engulfs you!!
* * * LOW HITPOINT WARNING * * *
The Brimstone Fiend misses you. You block the Brimstone Fiend's attack.
The Brimstone Fiend completely misses you.
You take 39 damage, and have 46/323 hp.
You feel much better. The Brimstone Fiend gestures at you.
The sphere of damnation explodes!
The damnation engulfs you!!
* * * LOW HITPOINT WARNING * * *
The damnation engulfs the Brimstone Fiend.
The Brimstone Fiend completely resists.
You take 7 damage, and have 39/323 hp.
You feel much better.
You regained 24 hp, and now have 63/323 hp.
The tremorstone explodes into fragments!
The burst of rock shards engulfs the Brimstone Fiend.
The burst of rock shards engulfs you.
* * * LOW HITPOINT WARNING * * *
The burst of rock shards engulfs the Brimstone Fiend but does no damage.
The burst of rock shards engulfs you but does no damage.
The burst of rock shards engulfs the Brimstone Fiend but does no damage.
The burst of rock shards engulfs you but does no damage.
The burst of rock shards engulfs the Brimstone Fiend but does no damage. x2
The burst of rock shards engulfs the Brimstone Fiend!
The tin is emptied!
You block the Brimstone Fiend's attack. The Brimstone Fiend hits you.
* * * LOW HITPOINT WARNING * * *
The Brimstone Fiend misses you.
You take 2 damage, and have 61/323 hp.
Okay, then.
You hit the Brimstone Fiend.
You kick the Brimstone Fiend, but do no damage.
The Brimstone Fiend gestures at you.
The sphere of damnation explodes!
The damnation engulfs the Brimstone Fiend.
The Brimstone Fiend completely resists.
The damnation engulfs you!!
* * * LOW HITPOINT WARNING * * *
The Brimstone Fiend gestures at you.
The sphere of damnation explodes!
The damnation engulfs you!!
You die...
Jiyva sends a jelly to digest your remains.

§...#....##############∆ ∆∆{ #.
≈...#....'............#∆∆ ∆ ∆∆{#.
....#....#............# ∆ ∆#.
....#################)#{∆ ∆ ∆ #.
........#.............# #.
........#.............# #.
....≈≈..#.............# #.
≈...≈≈≈.#'#############. #.
≈≈...≈≈.#.......@1..1'.. #.
≈§≈..^..##############'#########.
≈§≈........# { #........
≈§§§§......# ##.......≈
§≈≈§§≈§....# #.......≈§
≈≈§≈≈≈§≈≈§.# #....≈≈≈≈§
≈≈§§≈≈≈§≈§.### ##...§§§§§§
≈≈§§≈≈≈§§§...# #..≈§§§≈§§§
≈≈≈≈≈≈≈§§....# {∆ #...≈≈≈§≈§≈


You could see 2 Brimstone Fiends.

Vanquished Creatures
  Cerebov (Pan)
  Antaeus (Coc:7)
  Dissolution (Slime:1)
  Gloorx Vloq (Pan)
  Mnoleg (Pan)
  Lom Lobon (Pan)
  5 pandemonium lords (Pan)
  Khufu (Crypt:2)
  4 dread liches
  5 orbs of fire
  Mennas (Pan)
  3 ancient liches
  Mara (Depths:3)
  3 juggernauts
  Xtahua (Crypt:3)
  A royal mummy (Crypt:2)
  Sojobo (Depths:3)
  Josephina (Crypt:1)
  6 Killer Klowns
  18 shard shrikes
  Saint Roka (Vaults:1)
  A caustic shrike (Depths:3)
  Geryon (Hell)
  9 golden dragons
  Norris (Depths:3)
  A profane servitor (Abyss:3)
  Jory (Crypt:3)
  3 bone dragons (Depths:4)
  Arachne (Spider:4)
  3 Tzitzimimeh (Pan)
  8 Brimstone Fiends
  5 hellephants
  16 tentacled monstrosities
  Rupert (D:15)
  Jorgrun (Shoals:1)
  2 Hell Sentinels (Pan)
  8 Orb Guardians
  16 Ice Fiends
  A shard shrike skeleton (Crypt:3)
  A walking divine tome (Depths:1)
  A lich (Depths:3)
  13 quicksilver dragons
  12 titans
  2 deep elf master archers (Elf:3)
  2 deep elf blademasters (Elf:3)
  27 searing wretches
  5 acid blobs
  36 Executioners
  2 ancient champions
  12 death cobs
  2 krakens
  8 sphinxes
  9 storm dragons
  7 tengu reavers
  12 shadow dragons
  4 draconian knights
  5 nagarajas (Pan)
  A daeva (Abyss:3)
  3 emperor scorpions
  A fenstrider witch (Pan)
  12 fire giants
  12 narguns
  2 revenants
  5 azure jellies
  7 rockslimes
  14 protean progenitors
  2 draconian monks
  13 vault wardens
  9 draconian scorchers
  8 draconian shifters
  10 demonspawn warmongers (Pan)
  39 balrugs
  8 deep elf elementalists
  A caustic shrike zombie (Abyss:1)
  10 frost giants
  7 deep elf sorcerers (Elf:3)
  17 cacodemons (Pan)
  Louise (Spider:1)
  2 iron dragons
  15 draconian stormcallers
  A juggernaut zombie (Depths:3)
  2 curse skulls
  9 demonspawn corrupters (Pan)
  5 ghost moths
  18 orc warlords
  8 shard shrike simulacra
  19 ironbound preservers
  6 ghouls
  An angel (Abyss:3)
  34 reapers
  6 spriggan defenders
  4 caustic shrike skeletons (Pan)
  9 ironbound thunderhulks
  19 vampire knights
  6 broodmothers
  8 demonspawn blood saints (Pan)
  8 juggernaut skeletons
  8 quicksilver oozes
  11 draconian annihilators
  7 black draconians
  4 formless jellyfish
  17 stone giants
  15 very ugly things
  3 war gargoyles
  5 deep elf demonologists
  5 deep elf death magi
  24 elemental wellsprings
  17 green draconians
  5 demonspawn black suns (Pan)
  2 bunyips (Zot:5)
  29 purple draconians
  9 deep elf annihilators
  9 lorocyprocas
  10 red draconians
  18 spark wasps
  9 white draconians
  15 yellow draconians
  3 minotaurs
  6 dire elephants
  16 wendigos
  7 eidola
  An acid blob zombie (Crypt:3)
  3 iron golems
  13 green deaths
  3 merfolk impalers
  4 fire dragons
  2 crystal guardians
  18 ettins
  16 blizzard demons (Pan)
  An entropy weaver (shapeshifter) (Elf:1)
  4 deep elf high priests
  A spriggan zombie (Depths:3)
  5 entropy weavers
  15 great orbs of eyes
  A merfolk javelineer (Shoals:4)
  3 jiangshi
  A hell beast (Depths:1)
  A fenstrider witch zombie (Crypt:2)
  9 rakshasas
  3 salamander tyrants
  38 vault guards
  12 yaktaur captains
  4 hydras
  3 radroaches
  4 ogre magi
  3 catoblepae
  4 jorogumos
  7 juggernaut simulacra
  A peacekeeper (Vaults:3)
  10 caustic shrike simulacra
  5 merfolk avatars
  A merfolk aquamancer (Shoals:3)
  7 spriggan air magi
  7 centaur warriors
  An anaconda (shapeshifter) (Depths:2)
  The ghost of Inta the Stormcaller, a journeyman TeAE of Sif Muna (D:13)
  A spriggan skeleton (Hell)
  13 two-headed ogres
  4 ice dragons
  7 stokers
  10 ironbound frosthearts
  3 boulder beetles
  36 dancing weapons
  2 tengu warriors
  3 deep troll earth magi
  9 death yaks
  3 deep troll shamans
  11 satyrs
  13 demonic crawlers
  2 titan zombies (Crypt:3)
  17 vampire magi
  A thrashing horror (Abyss:1)
  43 hell hogs
  An occultist (Depths:2)
  16 orc high priests
  13 spriggan berserkers
  Urug (Lair:4)
  3 storm dragon zombies (Crypt:3)
  60 sun demons
  12 hell knights
  22 deep elf knights
  40 soul eaters
  2 wretched stars
  8 skysharks
  A titan skeleton (Crypt:1)
  12 iron trolls
  14 skeletal warriors
  2 skysharks (shapeshifter)
  A spatial maelstrom (Abyss:2)
  11 deep elf archers
  A crystal echidna (Hell)
  3 hellephant skeletons (Pan)
  A salamander mystic (Depths:3)
  2 quicksilver dragon simulacra
  5 sea snakes
  2 goliath frogs (Zot:5)
  An anaconda zombie (Hell)
  10 sun moths
  2 orange crystal statues (Hell)
  4 pharaoh ants
  A death drake (shapeshifter) (Vaults:5)
  63 deep trolls
  6 flayed ghosts
  17 sixfirhies
  2 mana vipers (shapeshifter) (Depths:2)
  5 golden dragon zombies (Crypt:3)
  4 orb spiders
  24 ironbound convokers
  A glowing orange brain (Slime:4)
  19 shadow demons (Pan)
  A glowing orange brain (shapeshifter) (Vaults:5)
  A bunyip skeleton (Hell)
  A deep troll (shapeshifter) (Vaults:5)
  12 arcanists
  5 bog bodies
  An iron giant skeleton (Crypt:2)
  A goliath frog zombie (Crypt:3)
  30 deep elf pyromancers
  10 necromancers
  2 obsidian bats (Orc:1)
  Pikel (D:8)
  19 phantasmal warriors
  5 thermic dynamos
  11 steelbarb worms
  17 harpies
  A lindwurm (shapeshifter) (Vaults:5)
  10 orc sorcerers
  An anaconda skeleton (Hell)
  39 ugly things
  12 lindwurms
  An oklob plant (Lair:2)
  31 wolf spiders
  7 orc knights
  7 shining eyes
  13 manticores
  6 starcursed masses (Abyss:2)
  3 draconians (Abyss:3)
  13 fauns
  2 frost giant zombies (Depths:3)
  7 cyclopes
  16 deep elf zephyrmancers
  7 salamanders
  Joseph (D:8)
  20 smoke demons
  6 merfolk sirens
  15 vault sentinels
  An alligator skeleton (Hell)
  37 moths of wrath
  2 apocalypse crabs (Abyss:3)
  A rust devil (Pan)
  A naga zombie (Crypt:3)
  2 ice statues
  A water nymph (shapeshifter) (Depths:2)
  2 meliai (Lair:4)
  4 titan simulacra
  8 elephants
  7 black mambas
  17 orange demons
  4 molten gargoyles (Hell)
  3 water nymphs
  2 eyes of devastation
  7 cane toads
  6 torpor snails
  A centaur zombie (D:15)
  A kobold blastminer (Orc:2)
  2 eyes of devastation (shapeshifter)
  A black mamba (shapeshifter) (D:13)
  A storm dragon simulacrum (Depths:3)
  43 large abominations
  A centaur skeleton (D:15)
  7 hellions
  A naga skeleton (Crypt:3)
  An unseen horror (D:12)
  A gargoyle (D:14)
  3 freezing wraiths
  Jeremiah (D:8)
  8 efreet
  29 yaktaurs
  A bunyip simulacrum (Coc:1)
  A kobold demonologist (D:11)
  6 rime drakes
  A sea snake zombie (Crypt:1)
  A death yak skeleton (Crypt:1)
  3 tengu conjurers
  5 anaconda simulacra
  4 red devils
  4 tormentors
  10 ice devils
  A harpy zombie (Hell)
  2 iron giant simulacra
  A sea snake skeleton (Hell)
  4 komodo dragons
  10 trolls
  7 wind drakes
  8 hellwings
  2 hydra zombies (Hell)
  A queen bee (Lair:4)
  A shadow dragon simulacrum (Coc:2)
  5 hornets
  14 merfolk
  5 polar bears (IceCv)
  37 tarantellas
  Prince Ribbit (D:5)
  29 jumping spiders
  19 dream sheep
  2 hydra skeletons (Hell)
  A death drake skeleton (Crypt:3)
  A harpy skeleton (Crypt:3)
  A glass eye (shapeshifter) (Depths:2)
  A radroach zombie (Crypt:3)
  4 glass eyes
  6 raiju
  A boulder beetle zombie (Crypt:2)
  A stone giant simulacrum (Coc:4)
  9 blink frogs
  6 snapping turtles
  2 iron dragon simulacra
  A fire dragon zombie (Crypt:2)
  77 slime creatures
  Sigmund (D:3)
  16 culicivoras
  A satyr skeleton (Crypt:2)
  17 water elementals
  5 wyverns
  4 spriggans
  A small abomination (Abyss:2)
  3 centaur simulacra
  2 air elementals
  42 yaks
  28 ynoxinuls
  2 alligator snapping turtle simulacra (Coc:3)
  5 dire elephant simulacra
  8 basilisks
  17 humans (D:14)
  4 naga simulacra
  A steam dragon (Lair:5)
  20 vampires
  4 fire elementals
  6 vampire mosquitoes
  7 wraiths
  20 neqoxecs
  5 death yak simulacra (Lair:5)
  9 golden eyes (Slime:5)
  49 redbacks
  12 wargs
  30 chaos spawn
  A black mamba skeleton (Crypt:2)
  Menkaure (D:5)
  A deep troll zombie (Crypt:1)
  A demonspawn zombie (Crypt:3)
  Edmund (D:5)
  A faun zombie (Crypt:3)
  17 harpy simulacra
  3 swamp worms (Pan)
  An acid dragon (D:11)
  A swamp worm (shapeshifter) (Depths:3)
  11 water moccasins
  Duvessa (D:6)
  A glowing shapeshifter zombie (Depths:3)
  6 hell hounds
  5 hydra simulacra
  An ice beast (D:6)
  40 laughing skulls
  75 orc warriors
  13 spriggan simulacra
  9 orc apostles
  A sky beast (D:7)
  4 ettin simulacra
  An ice beast (shapeshifter) (Vaults:5)
  15 ogres
  12 wolves
  6 centaurs
  3 phantoms
  6 weeping skulls
  4 kobold brigands
  A brain worm (Abyss:2)
  8 bullfrogs
  A salamander skeleton (Crypt:3)
  3 earth elementals
  A human simulacrum (Depths:3)
  A draconian skeleton (Crypt:1)
  2 gnoll sergeants
  2 scorpions (D:5)
  A wight (Abyss:3)
  A wyvern skeleton (Crypt:3)
  Dowan (D:6)
  An elephant simulacrum (Lair:5)
  16 killer bees
  A polar bear skeleton (Crypt:2)
  4 howler monkeys
  4 electric eels
  2 crimson imps (Gauntlet)
  A basilisk zombie (Crypt:1)
  6 hounds
  A bullfrog zombie (Crypt:1)
  A wolf skeleton (Crypt:2)
  A jelly (Lair:4)
  17 orc priests
  A human zombie (D:4)
  A sleepcap (D:5)
  A gnoll bouda (D:5)
  An iron imp (Abyss:1)
  A human skeleton (Crypt:3)
  A scorpion zombie (D:4)
  20 orc wizards
  A hound zombie (D:4)
  3 mummies
  12 gnolls
  7 adders
  A shadow imp (D:5)
  A white imp (D:7)
  5 ufetubi
  4 adder zombies (D:4)
  3 ribbon worms
  A dart slug (D:4)
  74 orcs
  6 endoplasms
  6 giant cockroaches
  12 goblins
  4 hobgoblins
  4 jackals (D:4)
  22 kobolds
  2 quokkas
  8 ball pythons
  5 bats
  2 frilled lizards (D:1)
  3 rats
  A river rat skeleton (Crypt:3)
  5 aspiring fleshes
  A ball lightning (Pan)
  4 creeping infernos
  11 fire vortices
  A spectral weapon (Zot:4)
  5 tentacles (Shoals:1)
3410 creatures vanquished.

Vanquished Creatures (collateral kills)
  the Serpent of Hell (Coc:7)
  2 Brimstone Fiends (Geh:7)
  A hellephant (Geh:7)
  A tentacled monstrosity (Zot:5)
  An Ice Fiend (Coc:7)
  A nargun (Coc:4)
  A curse skull (Pan)
  A balrug (Geh:7)
  A frost giant (Coc:5)
  A cacodemon (Pan)
  An ironbound thunderhulk (Vaults:2)
  2 elemental wellsprings (Coc:7)
  A hell beast (Pan)
  4 hydras
  A rakshasa (D:15)
  A radroach (Spider:2)
  A juggernaut simulacrum (Coc:7)
  A dancing weapon (Elf:1)
  2 two-headed ogres
  The ghost of whatisthis the Frost Mage, a journeyman BaIE of Vehumet (D:8)
  Erica (D:8)
  3 boulder beetles
  An ironbound frostheart (Vaults:4)
  An orc high priest (Lair:4)
  2 demonic crawlers (Spider:1)
  Sonja (Lair:3)
  A fire crab (Lair:4)
  A skyshark (Lair:5)
  2 deep trolls (Vaults:2)
  The ghost of grrhawk the Zephyrmancer, a novice DEAE of Sif Muna (D:11)
  A pharaoh ant (Spider:1)
  3 orb spiders (Spider:1)
  2 harpies (Lair:5)
  2 oklob plants
  A wolf spider (Spider:1)
  A manticore (D:15)
  4 elephants
  A kobold blastminer (Orc:2)
  A meliai (Lair:4)
  2 black mambas
  A smoke demon (Gauntlet)
  3 cane toads
  A centaur skeleton (D:15)
  3 komodo dragons
  An unseen horror (D:10)
  A kobold demonologist (D:6)
  A tormentor (Geh:2)
  A rime drake (Lair:5)
  Psyche (D:11)
  An efreet (D:13)
  A troll (D:13)
  3 polar bears (Lair:5)
  A raiju (Depths:4)
  A red devil (Gauntlet)
  3 hornets
  6 jumping spiders
  A tarantella (Spider:2)
  5 dream sheep (Lair:5)
  A blink frog (Lair:5)
  The ghost of Maxmaps the Cudgeller, an amateur OnMo (D:4)
  A vampire (D:12)
  A fire elemental (Gauntlet)
  A wraith (D:10)
  2 shadows
  A dire elephant simulacrum (Coc:4)
  16 yaks
  3 neqoxecs (Pan)
  2 chaos spawn (Gauntlet)
  8 redbacks
  3 steam dragons
  A vampire mosquito (D:13)
  3 water moccasins
  An acid dragon (D:9)
  A hydra simulacrum (Lair:5)
  2 orc warriors
  A black bear (Lair:2)
  An ice beast (D:7)
  A laughing skull (Abyss:1)
  A wolf (Lair:2)
  A phantom (D:6)
  A centaur (D:9)
  A scorpion (D:6)
  A gnoll sergeant (D:10)
  The ghost of gamers12 the Chopper, a weakling MDRe (D:4)
  9 killer bees (Lair:4)
  An electric eel (Spider:1)
  A howler monkey (D:11)
  2 crimson imps (Gauntlet)
  3 jellies
  2 orc priests
  A bombardier beetle (D:5)
  A hound (D:5)
  An iguana (D:5)
  3 orc wizards
  A sleepcap (D:5)
  A gnoll (D:10)
  4 adders
  2 hell rat simulacra (Lair:5)
  A white imp (D:5)
  4 orcs
  A goblin (D:8)
  A jackal (D:5)
  2 kobolds
  3 ball lightnings (Pan)
  A butterfly (D:7)
  A creeping inferno (Geh:7)
  A fire vortex (Geh:7)
197 creatures vanquished.

Vanquished Creatures (others)
  A dread lich (Coc:7)
  A shard shrike (Coc:7)
  An acid blob (Pan)
  2 eldritch tentacles (Pan)
  5 azure jellies
  A deep elf elementalist (Elf:3)
  A shard shrike simulacrum (Coc:6)
  A balrug (Pan)
  A draconian stormcaller (Zot:1)
  2 draconian annihilators
  2 elemental wellsprings (Coc:6)
  A deep elf death mage (Elf:3)
  A black draconian (Zot:3)
  2 wendigos (Coc:7)
  A great orb of eyes (Pan)
  A caustic shrike simulacrum (Coc:6)
  A merfolk aquamancer (Pan)
  2 juggernaut simulacra (Coc:7)
  An orc high priest (Orc:2)
  A sixfirhy (Pan)
  3 spriggan simulacra
  2 orc apostles
  A deep elf zephyrmancer (Elf:1)
  3 orc knights
  2 orc sorcerers
  A titan simulacrum (Coc:7)
  A smoke demon (Pan)
  2 eyes of devastation (Pan)
  A large abomination (Pan)
  A centaur skeleton (Crypt:3)
  A hellwing (Pan)
  A tarantella (Spider:1)
  A glass eye (Pan)
  A centaur simulacrum (D:15)
  A water elemental (D:13)
  2 ynoxinuls (Pan)
  A dire elephant simulacrum (Coc:4)
  A neqoxec (Pan)
  3 naga simulacra
  10 golden eyes (Pan)
  2 chaos spawn (Pan)
  An orc warrior (Orc:1)
  An ettin simulacrum (Coc:7)
  211 jellies
  4 orc priests
  4 orc wizards
  A boggart skeleton (D:15)
  A deep dwarf zombie (Crypt:3)
  20 orcs
  A kobold (D:9)
  5 ball lightnings (Pan)
  5 fire vortices (Pan)
  A lurking horror (Abyss:1)
  7 tentacles
332 creatures vanquished.

Grand Total: 3939 creatures vanquished

Notes
Turn   | Place    | Note
-------+----------+-------------------------------------------
     0 | D:1      | HilariousDeathArtist the Demonspawn Brigand began the quest
                  | for the Orb.
     0 | D:1      | Reached XP level 1. HP: 16/16 MP: 1/1
   260 | D:1      | Gained mutation: Your demonic aura sometimes causes spilled
                  | blood to erupt in flames. [demonic ancestry]
   260 | D:1      | Reached XP level 2. HP: 23/23 MP: 2/2
   413 | D:1      | Reached skill level 3 in Fighting
   447 | D:1      | Found a faded altar of an unknown god.
   457 | D:1      | Prayed at the altar of an unknown god.
   457 | D:1      | Became a worshipper of Beogh the Shepherd
   457 | D:1      | Reached * piety under Beogh
   977 | D:2      | Reached XP level 3. HP: 29/29 MP: 3/3
  1582 | D:2      | Reached skill level 4 in Fighting
  1671 | D:3      | Reached ** piety under Beogh
  1679 | D:3      | Noticed Sigmund
  1682 | D:3      | Gained mutation: You are partially covered in sharp spines.
                  | [demonic ancestry]
  1682 | D:3      | Reached XP level 4. HP: 16/38 MP: 4/4
  1806 | D:3      | Killed Sigmund
  1807 | D:3      | Reached skill level 6 in Fighting
  1807 | D:3      | Gained mutation: You are mostly covered in sharp spines.
                  | [demonic ancestry]
  1807 | D:3      | Reached XP level 5. HP: 36/46 MP: 5/5
  2074 | D:3      | You fall into a shaft and drop 1 floor!
  2142 | D:4      | Noticed an ogre
  2269 | D:4      | Found a runed translucent gate.
  2269 | D:4      | Found a runed translucent gate.
  2269 | D:4      | Found a runed translucent gate.
  2274 | D:4      | Noticed Maxmaps's ghost (amateur OnMo)
  2274 | D:4      | Noticed gamers12's ghost (weakling MDRe)
  2304 | D:4      | Gained mutation: Your demonic aura often causes spilled
                  | blood to erupt in flames. [demonic ancestry]
  2304 | D:4      | Reached XP level 6. HP: 48/53 MP: 6/6
  3079 | D:4      | Reached skill level 7 in Fighting
  3139 | D:4      | Reached XP level 7. HP: 53/61 MP: 7/7
  3170 | D:4      | Reached skill level 8 in Fighting
  3191 | D:4      | Found a basalt altar of Yredelemnul.
  3333 | D:4      | Reached *** piety under Beogh
  3361 | D:4      | Noticed Agrik
  3399 | D:4      | Anointed Agrik the priest as your apostle
  3587 | D:5      | Entered Level 5 of the Dungeon
  3655 | D:5      | Noticed Menkaure
  3668 | D:5      | Killed Menkaure
  3669 | D:5      | Reached skill level 9 in Fighting
  3850 | D:5      | Reached skill level 1 in Dodging
  3897 | D:5      | Noticed Edmund
  3910 | D:5      | Killed Edmund
  3911 | D:5      | Gained mutation: Your demonic aura causes all spilled blood
                  | to erupt in flames. [demonic ancestry]
  3911 | D:5      | Reached XP level 8. HP: 51/71 MP: 8/8
  3950 | D:5      | Reached skill level 2 in Dodging
  3960 | D:5      | Noticed Prince Ribbit
  3969 | D:5      | Killed Prince Ribbit
  3970 | D:5      | Reached skill level 3 in Dodging
  4052 | D:5      | Reached skill level 10 in Fighting
  4140 | D:5      | Reached skill level 4 in Dodging
  4521 | D:6      | Identified a scroll of acquirement
  4522 | D:6      | Acquired the scarf "Coasios" {shadows, Regen+ Dex+2}
  4548 | D:6      | Reached XP level 9. HP: 79/79 MP: 9/9
  4635 | D:6      | Reached skill level 5 in Dodging
  4815 | D:6      | Noticed Herok
  4826 | D:6      | Anointed Herok the warrior as your apostle
  4940 | D:6      | Reached skill level 11 in Fighting
  4949 | D:6      | Reached **** piety under Beogh
  5072 | D:6      | Noticed Duvessa
  5073 | D:6      | Noticed Dowan
  5082 | D:6      | Killed Dowan
  5085 | D:6      | Killed Duvessa
  5102 | D:6      | Noticed a kobold demonologist
  5105 | D:6      | Noticed a rust devil
  5106 | D:6      | Killed a kobold demonologist
  5107 | D:6      | Reached skill level 6 in Dodging
  5628 | D:7      | Found a staircase to the Ecumenical Temple.
  5654 | D:7      | Reached skill level 7 in Dodging
  5686 | D:7      | Reached skill level 12 in Fighting
  5781 | D:7      | Gained mutation: When seriously injured, your blood forms
                  | armour. (AC +12) [demonic ancestry]
  5781 | D:7      | Reached XP level 10. HP: 71/89 MP: 10/10
  6197 | D:8      | Found a flagged portal.
  6219 | Bailey   | Entered a bailey
  6240 | Bailey   | Reached skill level 8 in Dodging
  6302 | Bailey   | Your ally Agrik died
  6568 | Bailey   | Found a roughly hewn altar of Beogh.
  6568 | Bailey   | Noticed an orc knight
  6582 | Bailey   | Pacified an orc knight
  6593 | Bailey   | Identified the +5 triple sword of Death's Door {flame, rN+
                  | rCorr Int+4}
  6663 | D:8      | Noticed Joseph
  6729 | D:8      | Noticed Pikel
  6741 | D:8      | Killed Pikel
  6742 | D:8      | Reached skill level 13 in Fighting
  6806 | D:8      | Found a large runed translucent door.
  6806 | D:8      | Found a large runed translucent door.
  6811 | D:8      | Noticed whatisthis's ghost (journeyman BaIE)
  6906 | D:8      | Noticed Erica
  6952 | D:8      | Noticed Jeremiah
  6956 | D:8      | Killed Jeremiah
  6965 | D:8      | Reached skill level 9 in Dodging
  7132 | D:8      | Found a radiant altar of Vehumet.
  7132 | D:8      | Found an opulent altar of Gozag.
  7390 | D:8      | Found a hazy altar of Hepliaklqana.
  7415 | D:8      | Killed Erica
  7536 | D:8      | Killed Joseph
  7537 | D:8      | Reached XP level 11. HP: 74/98 MP: 11/11
  7600 | D:8      | Killed whatisthis's ghost
  7782 | D:4      | Killed Maxmaps's ghost
  7782 | D:4      | Reached ***** piety under Beogh
  7784 | D:4      | Killed gamers12's ghost
  7934 | D:9      | Noticed a two-headed ogre
  7939 | D:9      | Killed a two-headed ogre
  7943 | D:9      | Reached skill level 14 in Fighting
  7943 | D:9      | Reached skill level 10 in Dodging
  8221 | D:9      | Noticed Orkidu
  8235 | D:9      | Anointed Orkidu the priest as your apostle
  8366 | D:9      | Found a staircase to the Orcish Mines.
  8679 | D:10     | Entered Level 10 of the Dungeon
  8736 | D:10     | Your ally Agrik died
  8750 | D:10     | Found a staircase to the Lair.
  9010 | D:11     | Reached skill level 11 in Dodging
  9018 | D:11     | Your ally Orkidu died
  9019 | D:11     | Reached skill level 15 in Fighting
  9274 | D:11     | Acquired a manual of Dodging
  9283 | D:11     | Found a runed translucent gate.
  9283 | D:11     | Found a runed translucent gate.
  9283 | D:11     | Found a runed translucent gate.
  9284 | D:11     | Noticed grrhawk's ghost (novice DEAE)
  9301 | D:11     | Noticed a two-headed ogre
  9305 | D:11     | Killed a two-headed ogre
  9306 | D:11     | Reached skill level 1 in Armour
  9306 | D:11     | Gained mutation: You have large cloven feet. [demonic
                  | ancestry]
  9306 | D:11     | Reached XP level 12. HP: 110/110 MP: 12/12
  9545 | D:11     | Identified the +0 chain mail of Going Fast {rF+ rN+ Int-4
                  | Dex+2}
  9668 | D:11     | Noticed Psyche
  9675 | D:11     | Killed Psyche
  9676 | D:11     | Reached skill level 2 in Armour
  9740 | D:11     | Killed grrhawk's ghost
  9853 | D:12     | Reached skill level 3 in Armour
  9878 | D:12     | Reached skill level 12 in Dodging
  9926 | D:12     | Reached skill level 4 in Armour
 10108 | D:12     | Noticed a two-headed ogre
 10113 | D:12     | Killed a two-headed ogre
 10114 | D:12     | Your ally Herok died
 10115 | D:12     | Reached skill level 5 in Armour
 10196 | D:12     | Found Totut's Self-Improvement Boutique.
 10367 | D:12     | Noticed a boulder beetle
 10380 | D:12     | Killed a boulder beetle
 10461 | D:13     | Found a runed translucent gate.
 10465 | D:13     | Found a runed translucent gate.
 10466 | D:13     | Noticed a 12-headed hydra
 10466 | D:13     | Noticed Inta's ghost (journeyman TeAE)
 10467 | D:13     | Found a runed translucent gate.
 10467 | D:13     | Noticed a 13-headed hydra
 10505 | D:13     | Noticed a centaur warrior
 10508 | D:13     | Your ally Agrik died
 10511 | D:13     | Reached skill level 6 in Armour
 10513 | D:13     | Noticed a centaur warrior
 10514 | D:13     | Killed a centaur warrior
 10515 | D:13     | Reached skill level 13 in Dodging
 10519 | D:13     | Killed a centaur warrior
 10633 | D:13     | Reached skill level 16 in Fighting
 10633 | D:13     | Reached skill level 7 in Armour
 10663 | D:13     | Found a roughly hewn altar of Beogh.
 10860 | D:13     | Identified the +0 scale mail of Beyond {rF+ rC+ MP-9 Int+3}
 10876 | D:13     | Noticed a six-headed hydra
 10881 | D:13     | Killed a six-headed hydra
 11094 | D:13     | Noticed a centaur warrior
 11096 | D:13     | HP: 16/111 [centaur warrior/arrow (16)]
 11111 | D:13     | Your ally Orkidu died
 11156 | D:13     | Identified the ring of Bal Dare {rN++ Int+6}
 11270 | D:13     | Killed a 13-headed hydra
 11342 | D:13     | Killed Inta's ghost
 11343 | D:13     | Reached skill level 1 in Axes
 11343 | D:13     | Gained mutation: When seriously injured, your blood forms
                  | thick armour. (AC +12) [demonic ancestry]
 11343 | D:13     | Reached XP level 13. HP: 88/118 MP: 13/13
 11433 | Lair:1   | Entered Level 1 of the Lair of Beasts
 11452 | Lair:1   | Reached skill level 2 in Axes
 11510 | Lair:1   | Reached skill level 3 in Axes
 11516 | Lair:1   | Reached ****** piety under Beogh
 11592 | Lair:1   | Found a frozen archway.
 11604 | Lair:1   | Reached skill level 4 in Axes
 11614 | IceCv    | Entered an ice cave
 11645 | IceCv    | Reached skill level 5 in Axes
 11710 | IceCv    | Reached skill level 6 in Axes
 11805 | IceCv    | Noticed a frost giant
 11817 | IceCv    | Your ally Orkidu died
 11818 | IceCv    | Killed a frost giant
 11819 | IceCv    | Reached skill level 7 in Axes
 11864 | IceCv    | Your ally Agrik died
 11867 | IceCv    | Your ally Herok died
 11875 | IceCv    | Reached skill level 8 in Axes
 12148 | Lair:1   | Identified the +5 hand axe "Jitery" {flame, rC+ Int+2}
 12148 | Lair:1   | Identified the +7 ring mail of the Barnacle {-Tele Will+
                  | MP+9 Str+4}
 12157 | Lair:1   | Anointed Alork the priest as your apostle
 12366 | Lair:1   | Found a burning altar of Makhleb.
 12563 | Lair:1   | Reached skill level 9 in Axes
 12847 | Lair:2   | Found a shadowy altar of Dithmenos.
 12995 | Lair:2   | Reached skill level 10 in Axes
 13139 | Lair:2   | Reached XP level 14. HP: 125/125 MP: 14/14
 13146 | Lair:2   | Found a staircase to the Shoals.
 13586 | Lair:3   | Noticed Sonja
 13593 | Lair:3   | Reached skill level 11 in Axes
 13597 | Lair:3   | Killed Sonja
 13634 | Lair:3   | Found a hole to the Spider Nest.
 13728 | Lair:3   | Found a gate leading to a gauntlet.
 13746 | Gauntlet | Entered a Gauntlet
 13746 | Gauntlet | Found a transporter.
 13746 | Gauntlet | Found a transporter.
 13754 | Gauntlet | Found a transporter.
 13767 | Gauntlet | Found a transporter.
 13783 | Gauntlet | Found a transporter.
 13794 | Gauntlet | Found a transporter.
 13811 | Gauntlet | Found a transporter.
 13885 | Gauntlet | Found a transporter.
 13895 | Gauntlet | Found a transporter.
 13911 | Gauntlet | Found a transporter.
 13922 | Gauntlet | Found a transporter.
 13939 | Gauntlet | Found a transporter.
 14009 | Gauntlet | Found a transporter.
 14026 | Gauntlet | Found a transporter.
 14065 | Gauntlet | Found a transporter.
 14079 | Gauntlet | Found a transporter.
 14117 | Gauntlet | Identified the ring "Duyll" {rElec rC+ Will+ MP+9 Stlth-}
 14278 | Gauntlet | Identified the amulet "Waloiss" {Spirit ^Drain rF++ rN+++}
 14959 | Lair:4   | Reached skill level 12 in Axes
 15023 | Lair:4   | Identified the +2 halberd "Xines" {flame, rC++ Int-3
                  | Stlth+}
 15042 | Lair:4   | Anointed Grimold the warrior as your apostle
 15311 | Lair:4   | Found a blossoming altar of Fedhas.
 15365 | Lair:4   | Found a staircase to the Slime Pits.
 15435 | Lair:4   | Noticed Urug
 15444 | Lair:4   | Killed Urug
 15477 | Lair:4   | Identified the amulet of Yesterday {Harm ^Fragile rPois
                  | Regen+ Str+4 SInv}
 15857 | Lair:5   | Entered Level 5 of the Lair of Beasts
 15867 | Lair:5   | Reached skill level 13 in Axes
 15944 | Lair:5   | Reached skill level 14 in Axes
 16165 | Lair:5   | Gained mutation: You have hoof-like feet. [demonic
                  | ancestry]
 16165 | Lair:5   | Reached XP level 15. HP: 131/131 MP: 15/15
 16466 | Lair:5   | Reached skill level 15 in Axes
 16625 | Lair:5   | Identified the +0 scale mail "Wureunuk" {SInv}
 16661 | Lair:5   | Reached skill level 8 in Armour
 16661 | Lair:5   | Reached skill level 14 in Dodging
 16661 | Lair:5   | Gained mutation: When seriously injured, your blood forms
                  | very thick armour. (AC +12) [demonic ancestry]
 16661 | Lair:5   | Reached XP level 16. HP: 139/139 MP: 16/16
 16662 | Lair:5   | Reached skill level 9 in Armour
 16662 | Lair:5   | Reached XP level 17. HP: 146/146 MP: 17/17
 16889 | Lair:5   | Reached skill level 16 in Axes
 17008 | Orc:1    | Entered Level 1 of the Orcish Mines
 17160 | Orc:1    | Anointed Orbeogh the warrior as your apostle
 17439 | Orc:2    | Entered Level 2 of the Orcish Mines
 17625 | Orc:2    | Found a staircase to the Elven Halls.
 17885 | Orc:2    | Found Bapeehup's Jewellery Emporium.
 17886 | Orc:2    | Found Cirudgh's Antique Weapon Boutique.
 17887 | Orc:2    | Found Mourepig's Antique Armour Boutique.
 17890 | Orc:2    | Found Qudd's Antique Armour Emporium.
 17938 | Orc:2    | Bought the +0 cloak of the Thief {Quiet Slay-3 SInv Stlth+}
                  | for 153 gold pieces
 17938 | Orc:2    | Found the +0 cloak of the Thief {Quiet Slay-3 SInv Stlth+}
 18139 | D:12     | Bought a manual of Shields for 1120 gold pieces
 18402 | D:14     | Reached skill level 1 in Shields
 18402 | D:14     | Reached skill level 1 in Invocations
 18619 | D:14     | Reached skill level 4 in Stealth
 18696 | D:14     | Reached skill level 2 in Shields
 18734 | D:14     | Reached skill level 2 in Invocations
 18862 | D:14     | Reached skill level 10 in Armour
 18875 | D:14     | Found a gate to the Vaults.
 18886 | D:14     | Reached skill level 3 in Shields
 18892 | D:14     | Reached skill level 3 in Invocations
 18900 | D:14     | Identified the +4 quarterstaff "Hiodd" {chaos, Str+3}
 19071 | D:14     | Identified the +0 ring mail "Ogev" {-Tele rPois Dex+5}
 19191 | D:15     | Entered Level 15 of the Dungeon
 19216 | D:15     | Reached skill level 15 in Dodging
 19376 | D:15     | Noticed Rupert
 19382 | D:15     | Killed Rupert
 19631 | D:15     | Acquired 1048 gold pieces
 19738 | D:15     | Your ally Orkidu died
 19739 | D:15     | Reached skill level 4 in Shields
 19834 | D:15     | Reached skill level 4 in Invocations
 19859 | D:15     | Reached skill level 17 in Fighting
 19859 | D:15     | Reached skill level 5 in Stealth
 19860 | D:15     | Found a staircase to the Depths.
 20284 | Spider:1 | Entered Level 1 of the Spider Nest
 20363 | Spider:1 | Identified the +7 scimitar of Ancient Evil {spect, rF- rC+
                  | Str+6}
 20411 | Spider:1 | Your ally Orbeogh died
 20412 | Spider:1 | Reached skill level 5 in Shields
 20415 | Spider:1 | Reached skill level 5 in Invocations
 20419 | Spider:1 | Gained mutation: You have hooves in place of feet. [demonic
                  | ancestry]
 20419 | Spider:1 | Reached XP level 18. HP: 144/154 MP: 21/21
 20577 | Spider:1 | Anointed Orkwin the priest as your apostle
 20678 | Spider:1 | Reached skill level 11 in Armour
 20738 | Spider:1 | Noticed Louise
 20746 | Spider:1 | Killed Louise
 21353 | Spider:2 | Reached skill level 17 in Axes
 21353 | Spider:2 | Reached skill level 6 in Shields
 21359 | Spider:2 | Reached skill level 6 in Invocations
 21435 | Spider:2 | Reached skill level 6 in Stealth
 21829 | Spider:2 | Identified the staff "Bouxekh" {rPois Will+ Int-5 SInv Ice
                  | Alchemy}
 22360 | Spider:3 | Reached skill level 7 in Invocations
 22398 | Spider:3 | Reached skill level 7 in Shields
 22759 | Spider:3 | Identified the +1 leather armour "Vaokh" {rElec rF+ rN+}
 22906 | Spider:3 | Reached skill level 12 in Armour
 23137 | Spider:4 | Entered Level 4 of the Spider Nest
 23363 | Spider:4 | Reached skill level 7 in Stealth
 23574 | Spider:4 | Reached skill level 8 in Invocations
 23590 | Spider:4 | Reached skill level 8 in Shields
 23591 | Spider:4 | Reached skill level 16 in Dodging
 23812 | Spider:4 | Identified the +9 mace of the Witching Gods {antimagic,
                  | *Corrode rC++ Will+ Int+3}
 23815 | Spider:4 | Noticed Arachne
 23828 | Spider:4 | Killed Arachne
 23922 | Spider:4 | Found a hide-covered altar of Uskayaw.
 24050 | Spider:4 | Gained mutation: You are robust. (+10% HP) [demonic
                  | ancestry]
 24050 | Spider:4 | Reached XP level 19. HP: 156/178 MP: 25/25
 24262 | Spider:4 | Got a gossamer rune of Zot
 24497 | Spider:3 | Identified the +4 dagger of Coohiada {flame, Int+6}
 24513 | Spider:3 | Anointed Ognian the wizard as your apostle
 24648 | Shoals:1 | Entered Level 1 of the Shoals
 24681 | Shoals:1 | Noticed Jorgrun
 24691 | Shoals:1 | Killed Jorgrun
 25496 | Shoals:2 | Reached skill level 9 in Invocations
 25585 | Shoals:2 | Reached skill level 9 in Shields
 25677 | Shoals:2 | Reached skill level 18 in Fighting
 25735 | Shoals:2 | Reached skill level 8 in Stealth
 26062 | Shoals:2 | Found Jomaow's Assorted Antiques.
 26416 | Shoals:3 | Found Tugoed's Assorted Antiques.
 26419 | Shoals:3 | Bought a scroll labelled QET RU YJUOTT for 21 gold pieces
 26419 | Shoals:3 | Bought a scroll labelled QET RU YJUOTT for 21 gold pieces
 26419 | Shoals:3 | Bought a potion of heal wounds for 105 gold pieces
 26419 | Shoals:3 | Bought a potion of brilliance for 84 gold pieces
 27262 | Shoals:4 | Entered Level 4 of the Shoals
 27623 | Shoals:4 | Got a barnacled rune of Zot
 27857 | Shoals:4 | Identified the staff of Retan {rF+ Will+ Earth}
 27981 | Shoals:4 | Reached skill level 18 in Axes
 27981 | Shoals:4 | Reached skill level 10 in Invocations
 28116 | Shoals:4 | Reached skill level 10 in Shields
 28152 | Shoals:2 | Identified the +5 dagger "Posof" {flame, Str+4 Int+3}
 28173 | Shoals:2 | Anointed Bogric the wizard as your apostle
 28339 | Vaults:1 | Entered Level 1 of the Vaults
 28383 | Vaults:1 | Noticed Saint Roka
 28417 | Vaults:1 | Reached skill level 1 in Evocations
 28429 | Vaults:1 | Killed Saint Roka
 28580 | Vaults:1 | Found Xeecveugh's Magic Scroll Boutique.
 28586 | Vaults:1 | Reached skill level 13 in Armour
 28591 | Vaults:1 | Gained mutation: You are completely covered in sharp
                  | spines. [demonic ancestry]
 28591 | Vaults:1 | Reached XP level 20. HP: 156/189 MP: 27/27
 28606 | Vaults:1 | Learned a level 1 spell: Apportation
 28609 | Vaults:1 | Bought a scroll of fog for 80 gold pieces
 28609 | Vaults:1 | Bought a scroll of immolation for 80 gold pieces
 28609 | Vaults:1 | Bought a scroll of teleportation for 60 gold pieces
 28609 | Vaults:1 | Bought a scroll of silence for 190 gold pieces
 28682 | Vaults:1 | Reached skill level 2 in Evocations
 28752 | Vaults:1 | Found Rihiboth's Antique Armour Shop.
 28911 | Vaults:1 | Reached skill level 1 in Translocations
 28912 | Vaults:1 | Reached skill level 9 in Stealth
 29278 | Vaults:1 | Found Unwag's Antique Armour Boutique.
 29402 | Vaults:1 | Paralysed by a formless jellyfish for 1 turns
 29406 | Vaults:1 | Reached skill level 3 in Evocations
 29611 | Vaults:1 | Reached skill level 2 in Translocations
 29685 | Vaults:2 | Found Waadiv's Weapon Shop.
 29744 | Vaults:2 | Found a flickering gateway to a bazaar.
 29750 | Bazaar   | Entered a bazaar
 29751 | Bazaar   | Identified the ring of the Bespelling Gods {^Contam Fly
                  | rC+++ Stlth+}
 29766 | Bazaar   | Found Nihab's Magic Scroll Shop.
 29778 | Bazaar   | Found Uttost's Distillery.
 29798 | Bazaar   | Found Ruelol's Distillery.
 29817 | Bazaar   | Found Feurghea's Magic Scroll Shop.
 29837 | Bazaar   | Bought a potion of brilliance for 56 gold pieces
 29837 | Bazaar   | Bought a potion of curing for 42 gold pieces
 29837 | Bazaar   | Bought a potion of curing for 42 gold pieces
 29837 | Bazaar   | Bought a potion of heal wounds for 70 gold pieces
 29837 | Bazaar   | Bought a potion of curing for 42 gold pieces
 29837 | Bazaar   | Bought a potion of lignification for 42 gold pieces
 29857 | Bazaar   | Bought a potion of curing for 48 gold pieces
 29857 | Bazaar   | Bought a potion of mutation for 128 gold pieces
 29857 | Bazaar   | Bought a potion of curing for 48 gold pieces
 29857 | Bazaar   | Bought 2 potions of haste for 320 gold pieces
 29857 | Bazaar   | Bought a potion of resistance for 160 gold pieces
 29881 | Bazaar   | Bought a scroll of fear for 40 gold pieces
 29881 | Bazaar   | Bought a scroll of enchant weapon for 75 gold pieces
 29909 | Bazaar   | Bought a scroll of fear for 68 gold pieces
 29909 | Bazaar   | Bought a scroll of teleportation for 51 gold pieces
 30010 | Vaults:2 | Reached skill level 19 in Fighting
 30050 | Vaults:2 | Reached skill level 11 in Invocations
 30139 | Vaults:2 | Reached skill level 11 in Shields
 30355 | Vaults:2 | Reached skill level 3 in Translocations
 30393 | Vaults:2 | Found Teegoucw's Jewellery Shoppe.
 30435 | Vaults:2 | HP: 42/191 [Brandogh the orc apostle/+5 great mace of
                  | protection (49)]
 30440 | Vaults:2 | Anointed Brandogh the warrior as your apostle
 30505 | Vaults:2 | Reached skill level 4 in Evocations
 30842 | Vaults:2 | Identified the +1 plate armour of the Northern Lights
                  | {Slay+2}
 31322 | Vaults:3 | Found a staircase to the Crypt.
 31359 | Vaults:3 | Reached XP level 21. HP: 151/190 MP: 29/29
 31559 | Vaults:3 | Reached skill level 17 in Dodging
 31570 | Vaults:3 | Identified the +9 trident "Mafo" {freeze, Int+2 Dex+3
                  | Stlth+}
 31596 | Vaults:3 | Reached skill level 4 in Translocations
 31717 | Vaults:3 | Reached skill level 5 in Evocations
 31797 | Vaults:3 | Identified the +3 ring mail "Lazxyen" {Int+2}
 31871 | Vaults:3 | Reached skill level 10 in Stealth
 31871 | Vaults:3 | Reached skill level 12 in Shields
 31924 | Vaults:3 | Reached skill level 12 in Invocations
 32427 | Vaults:4 | Reached skill level 20 in Fighting
 32512 | Vaults:4 | Reached skill level 5 in Translocations
 32536 | Vaults:4 | Reached skill level 6 in Evocations
 32630 | Vaults:4 | Reached skill level 14 in Armour
 32724 | Vaults:4 | Found a flickering gateway to a bazaar.
 32741 | Bazaar   | Entered a bazaar
 32741 | Bazaar   | Found Kelam's Jewellery Boutique.
 32741 | Bazaar   | Found Vuxeh's Book Shoppe.
 32741 | Bazaar   | Found Yroa's General Store.
 32741 | Bazaar   | Found Zihen's Assorted Antiques.
 32744 | Bazaar   | Found Tetonit's Magic Scroll Shop.
 32778 | Bazaar   | Bought a manual of Necromancy for 1200 gold pieces
 32781 | Bazaar   | Bought a scroll of teleportation for 102 gold pieces
 32792 | Bazaar   | Bought a potion of cancellation for 96 gold pieces
 32961 | Vaults:4 | Reached skill level 1 in Necromancy
 33307 | Vaults:4 | Identified the +0 robe of Untruth {Will++ Int-2 SInv}
 33327 | Vaults:4 | Anointed Geork the wizard as your apostle
 33416 | Vaults:4 | Reached skill level 2 in Necromancy
 33864 | Depths:1 | Entered Level 1 of the Depths
 33876 | Depths:1 | Reached skill level 3 in Necromancy
 34015 | Depths:1 | Reached skill level 4 in Necromancy
 34057 | Depths:1 | Found Gozag's Platinum Reserve.
 34059 | Depths:1 | Found an opulent altar of Gozag.
 34365 | Depths:1 | Reached skill level 7 in Evocations
 34374 | Depths:1 | Reached skill level 5 in Necromancy
 34443 | Depths:1 | Found a gateway to Hell.
 34484 | Depths:1 | Found the +7 lajatang of Order {silver, rMut}
 34556 | Depths:1 | Identified the +3 arbalest of the Final Decision {elec,
                  | Will- Str+3 Dex+3 SInv}
 34694 | Depths:1 | Reached XP level 22. HP: 204/211 MP: 31/31
 34781 | Depths:2 | Reached skill level 6 in Necromancy
 34942 | Depths:2 | Found a one-way gate leading to the halls of Pandemonium.
 34985 | Depths:2 | Found a stormy altar of Qazlal.
 35145 | Depths:2 | Found Qibeof's Jewellery Shoppe.
 35188 | Depths:2 | Found Tirreczi's Jewellery Shop.
 35188 | Depths:2 | Found Ocenelut's Book Emporium.
 35189 | Depths:2 | Found Qyhi's Jewellery Shop.
 35379 | Depths:2 | Reached skill level 21 in Fighting
 35379 | Depths:2 | Reached skill level 7 in Necromancy
 35841 | Depths:3 | Found a one-way gate to the infinite horrors of the Abyss.
 35935 | Depths:3 | Noticed Mara
 35987 | Depths:3 | Noticed HilariousDeathArtist's illusion
 35987 | Depths:3 | Killed Mara
 35988 | Depths:3 | Reached skill level 8 in Necromancy
 36013 | Depths:3 | Identified the ring of Gesurap {rElec rN+ Int-4 Dex+6
                  | Stlth+}
 36021 | Depths:3 | Noticed a juggernaut
 36032 | Depths:3 | Killed a juggernaut
 36090 | Depths:3 | Found a shimmering altar of Xom.
 36092 | Depths:3 | Noticed Sojobo
 36107 | Depths:3 | Killed Sojobo
 36182 | Depths:3 | Found a transporter.
 36206 | Depths:3 | Reached skill level 18 in Dodging
 36207 | Depths:3 | Identified the +9 flail of Jeoxop {holy, rC+ Int+3}
 36220 | Depths:3 | HP: 47/213 [Rocco the orc apostle/divine providence (14)]
 36224 | Depths:3 | Anointed Rocco the priest as your apostle
 36305 | Depths:3 | Reached skill level 9 in Necromancy
 36331 | Depths:3 | Noticed Norris
 36367 | Depths:3 | Killed Norris
 36525 | Depths:3 | Noticed a caustic shrike
 36531 | Depths:3 | Killed a caustic shrike
 36532 | Depths:3 | Reached skill level 15 in Armour
 36648 | Depths:3 | Identified the ring "Nuvuhac" {rC+ Will+}
 36760 | Depths:3 | Reached skill level 10 in Necromancy
 36927 | Depths:3 | Noticed a juggernaut
 37015 | Depths:3 | Killed a juggernaut
 37054 | Depths:3 | Found a bloodstained altar of Trog.
 37237 | Depths:3 | HP: 37/215 [vampire knight/+1 long sword (30)]
 37246 | Depths:3 | HP: 51/215 [spark wasp (6)]
 37250 | Depths:3 | Reached skill level 22 in Fighting
 37339 | Depths:3 | Identified the ring "Sejirei" {Fire rN+ Int+4 Slay+2}
 37350 | Depths:3 | Reached skill level 11 in Necromancy
 37407 | Depths:3 | Reached XP level 23. HP: 167/223 MP: 32/32
 37529 | Depths:3 | Found an opulent altar of Gozag.
 37529 | Depths:3 | Found a transporter.
 37664 | Depths:4 | Entered Level 4 of the Depths
 37925 | Depths:4 | Found Oclumil's Weapon Shoppe.
 37934 | Depths:4 | Reached skill level 12 in Necromancy
 38020 | Depths:4 | Found a gate to the Realm of Zot.
 38055 | Depths:4 | Found a hazy altar of Hepliaklqana.
 38090 | Depths:4 | HP: 53/224 [salamander tyrant/flame surge (27)]
 38091 | Depths:4 | HP: 20/224 [salamander/+0 halberd (15)]
 38243 | Depths:4 | Found a broken altar of Ashenzari.
 38344 | Depths:4 | Found a one-way gateway to a ziggurat.
 38406 | Depths:4 | Found Zelibroc's Book Shop.
 38920 | Elf:1    | Entered Level 1 of the Elven Halls
 39263 | Elf:1    | Identified the +2 hand axe of Grontol {distort, ^Fragile
                  | rF+++ rN++ Str-2}
 39263 | Elf:1    | Identified the +3 steam dragon scales "Pocraqiu" {Harm rF+}
 39297 | Elf:1    | Anointed Zorug the priest as your apostle
 39690 | Elf:1    | Found Fellum's Magic Scroll Shoppe.
 39690 | Elf:1    | Found Menuraf's Assorted Antiques.
 39690 | Elf:1    | Found Kuodetit's Weapon Shoppe.
 39693 | Elf:1    | Found Xipseel's Magic Scroll Emporium.
 39698 | Elf:1    | Bought a scroll of teleportation for 114 gold pieces
 39709 | Elf:1    | Bought a scroll of fear for 68 gold pieces
 39709 | Elf:1    | Bought a scroll of fog for 68 gold pieces
 39709 | Elf:1    | Bought a scroll of teleportation for 51 gold pieces
 40266 | Elf:2    | Reached skill level 13 in Necromancy
 40266 | Elf:2    | Found Ogemape's Magic Scroll Shoppe.
 40308 | Elf:2    | Bought 2 scrolls of blinking for 225 gold pieces
 40308 | Elf:2    | Bought a scroll of blinking for 112 gold pieces
 40308 | Elf:2    | Bought a scroll of teleportation for 45 gold pieces
 40357 | Elf:2    | Found a runed translucent gate.
 40357 | Elf:2    | Found a runed translucent gate.
 40357 | Elf:2    | Found a runed translucent gate.
 40693 | Elf:2    | Reached skill level 23 in Fighting
 40695 | Elf:2    | Reached skill level 16 in Armour
 40834 | Elf:2    | Reached skill level 1 in Spellcasting
 41036 | Elf:3    | Entered Level 3 of the Elven Halls
 41482 | Elf:3    | Reached skill level 2 in Spellcasting
 41675 | Elf:3    | Found Joluwid's General Store.
 41831 | Elf:3    | Identified the ring of Taghum {rC+ Dex+2}
 41843 | Elf:3    | Reached skill level 19 in Dodging
 41846 | Elf:3    | Identified the +9 ring mail of Recklessness {^Contam rC+
                  | Int+2 SInv}
 41846 | Elf:3    | Paralysed by an air elemental for 1 turns
 41848 | Elf:3    | Identified the +6 trident of Arbitration {freeze, Will+
                  | Int+7}
 41849 | Elf:3    | Identified the +5 battleaxe "Bofesici" {venom, rElec rN+
                  | Str+4}
 41896 | Elf:3    | Gained mutation: You are very robust. (+20% HP) [demonic
                  | ancestry]
 41896 | Elf:3    | Reached XP level 24. HP: 174/256 MP: 32/32
 41935 | Elf:3    | Reached skill level 13 in Shields
 42231 | Elf:3    | Got Ulen Toe's Atlas of Superposition
 42725 | Elf:3    | Reached skill level 3 in Spellcasting
 42739 | Elf:3    | Bought a scroll of acquirement for 780 gold pieces
 42739 | Elf:3    | Acquired 964 gold pieces
 43104 | Depths:2 | Bought the ring "Adwiacou" {rF+ rC+ AC+4} for 1197 gold
                  | pieces
 43116 | Depths:2 | Bought a book of Spatial Translocations for 396 gold pieces
 43119 | Depths:2 | Learned a level 2 spell: Blink
 43127 | Depths:2 | Learned a level 7 spell: Manifold Assault
 43127 | Depths:2 | DracoOmega: Hi! I notice you've been having some repeated
                  | crashes this game, and the cause is very unclear to me. Do
                  | you, by any chance, know how to make a save backup? It
                  | would be helpful in trying to figure it out.
 43319 | Vaults:5 | Entered Level 5 of the Vaults
 43347 | Vaults:5 | Reached skill level 6 in Translocations
 43351 | Vaults:5 | Reached skill level 8 in Evocations
 43610 | Vaults:5 | Noticed a dread lich
 43616 | Vaults:5 | Killed a dread lich
 43971 | Vaults:5 | Identified the +1 ring mail of Instinct {*Slow Will+ Int+5
                  | Dex+3}
 43994 | Vaults:5 | Reached skill level 4 in Spellcasting
 43994 | Vaults:5 | Noticed a dread lich
 44018 | Vaults:5 | Killed a dread lich
 44137 | Vaults:5 | Noticed an ancient lich
 44150 | Vaults:5 | Killed an ancient lich
 44179 | Vaults:5 | Reached skill level 7 in Translocations
 44193 | Vaults:5 | HP: 63/259 [vault warden/+0 war axe (20)]
 44194 | Vaults:5 | Reached skill level 9 in Evocations
 44195 | Vaults:5 | Reached skill level 24 in Fighting
 44201 | Vaults:5 | Reached skill level 5 in Spellcasting
 44360 | Vaults:5 | Noticed an ancient lich
 44369 | Vaults:5 | Killed an ancient lich
 44388 | Vaults:5 | Noticed a dread lich
 44397 | Vaults:5 | Killed a dread lich
 44526 | Vaults:5 | Identified the +0 spear "Udiotot" {flame, *Noise rPois rC+}
 44527 | Vaults:5 | Identified the +5 spear "Gupt" {spect, Int+2}
 44695 | Vaults:5 | Got the Monograph on Gases
 44702 | Vaults:5 | Identified the +0 buckler of Vaiqur {^Drain rC++ Dex+4}
 44820 | Vaults:5 | Identified the staff of the Orange Skies {rPois rC+ Will+
                  | Dex+3 Tloc Alchemy}
 44825 | Vaults:5 | Got a silver rune of Zot
 44828 | Vaults:5 | Identified the +3 helmet of a treasure trove {rPois rF+
                  | Regen+}
 44908 | Vaults:5 | HilariousDeathArtist: Hi Draco!
 44908 | Vaults:5 | HilariousDeathArtist: It seems to be related to my Orc
                  | allies
 44908 | Vaults:5 | HilariousDeathArtist: when I have then with me it was
                  | crashing
 44908 | Vaults:5 | DracoOmega: Yeah, I know why it's happening in a local
                  | sense. But the underlying cause is unclear
 44908 | Vaults:5 | HilariousDeathArtist: Oh okay
 44908 | Vaults:5 | DracoOmega: Basically, it's trying to retrieve data for
                  | them, when they die, that hasn't been saved properly.
                  | Except that should be impossible
 44908 | Vaults:5 | HilariousDeathArtist: for some reason I have four orcs
 44909 | Vaults:5 | DracoOmega: And there's not really any way for me to look
                  | at the internal data without a copy of your save file
 44909 | Vaults:5 | DracoOmega: Oh boy
 44909 | Vaults:5 | HilariousDeathArtist: how do I get the save file?
 44909 | Vaults:5 | DracoOmega: Annoyingly, it requires logging in via ssh. If
                  | you don't know how to do this, that's okay, but I thought
                  | I'd ask
 44909 | Vaults:5 | DracoOmega: For some reason, it's console-only
 44909 | Vaults:5 | DracoOmega: Can you at least maybe describe how you came to
                  | have 4 of them?
 44909 | Vaults:5 | HilariousDeathArtist: I haven't tried logging in via ssh,
                  | but I could probably do it. I'm not sure how I got four
                  | exactly
 44909 | Vaults:5 | HilariousDeathArtist: It was pretty early in the run
 44909 | Vaults:5 | DracoOmega: The learndb instructions for save backups are:
                  | "To get a Save backup, you have to log in via SSH
                  | (console), then select (T)runk -> (A)dvanced -> (B)ackup ->
                  | (N)ormal . This will give you a link that will allow
                  | developers to get a copy of your save and help find bugs."
                  | by the way
 44909 | Vaults:5 | HilariousDeathArtist: I've been dismissing and taking the
                  | new ones as they come along, and I think Rocco is the odd
                  | man out
 44909 | Vaults:5 | DracoOmega: The crashes seem to happen whenever Herok dies,
                  | but looking at your log, he's died several times in past
                  | just fine, early on
 44909 | Vaults:5 | DracoOmega: So I think it's possible your 4th apostle
                  | pushes the old one out somehow
 44909 | Vaults:5 | DracoOmega: Internally
 44909 | Vaults:5 | HilariousDeathArtist: When I ssh to the server its giving
                  | me an authentication error, is the the same account as
                  | webtiles?
 44909 | Vaults:5 | DracoOmega: Should be, yes
 44909 | Vaults:5 | DracoOmega: Maybe have to log out here first
 44909 | Vaults:5 | DracoOmega: Possibly can't log in twice at once, you know
 44909 | Vaults:5 | HilariousDeathArtist: :D
 44909 | Vaults:5 | DracoOmega: Did it seem to work?
 44909 | Vaults:5 | HilariousDeathArtist: no, it seems like I need to log into
                  | the server with a special account - "crawler" and a ssh
                  | key, still workign on it
 44909 | Vaults:5 | DracoOmega: Oh, okay
 44909 | Vaults:5 | DracoOmega: Sorry for the trouble
 44909 | Vaults:5 | HilariousDeathArtist: No worries, glad to help out!
 44909 | Vaults:5 | DracoOmega: Failing that, could you check your abilities
                  | menu and see which apostles it claims that you have?
 44909 | Vaults:5 | DracoOmega: The ^ screen too
 44909 | Vaults:5 | DracoOmega: (brb)
 44950 | Vaults:5 | HilariousDeathArtist: Brandogh, Rocco, Zorug (A,B,C)
 44950 | Vaults:5 | HilariousDeathArtist:
                  | https://cbro.berotato.org/saves/HilariousDeathArtist-crawl-
                  | git-85d4e5bfdb-240418-1951.tar.bz2
 44950 | Vaults:5 | HilariousDeathArtist: Herok is the one causing trouble and
                  | is not listed
 44950 | Vaults:5 | DracoOmega: Sorry that took forever
 44950 | Vaults:5 | DracoOmega: Grocery delivery arrived early and I had to put
                  | a bunch of stuff into the freezer
 44950 | Vaults:5 | DracoOmega: Any luck?
 44950 | Vaults:5 | HilariousDeathArtist:
                  | https://cbro.berotato.org/saves/HilariousDeathArtist-crawl-
                  | git-85d4e5bfdb-240418-1951.tar.bz2
 44950 | Vaults:5 | DracoOmega: Ah, great, thanks!
 44950 | Vaults:5 | DracoOmega: And yeah, the ne triggering the crash isn't
                  | there
 44950 | Vaults:5 | DracoOmega: So they've likely gotten pushed out by someone
                  | else
 44950 | Vaults:5 | DracoOmega: Which is a good hint to part of the cause
                  | (though I'll still have to puzzle out how the game let you
                  | recruit one when you still had 3)
 44950 | Vaults:5 | HilariousDeathArtist: I didn't notice it right away
                  | unfortunately, I know they died a few times as I was
                  | recruiting
 44950 | Vaults:5 | HilariousDeathArtist: I went into a gauntlet around that
                  | time... maybe related
 44950 | Vaults:5 | DracoOmega: I'll keep that in mind
 44950 | Vaults:5 | DracoOmega: Feel free to get back to playing now, and
                  | thanks for the help!
 44950 | Vaults:5 | DracoOmega: I'll puzzle over this on my own time ^^;
 44950 | Vaults:5 | HilariousDeathArtist: good luck!
 45051 | Vaults:4 | Identified the +6 flail "Qeduliy" {freeze, ^Drain Str+4}
 45109 | Vaults:4 | Anointed Korbok the priest as your apostle
 45307 | Zot:1    | Entered Level 1 of the Realm of Zot
 45344 | Depths:4 | Gained mutation: You are extremely robust. (+30% HP)
                  | [demonic ancestry]
 45344 | Depths:4 | Reached XP level 25. HP: 139/289 MP: 32/32
 45962 | Zot:2    | Reached skill level 14 in Shields
 45976 | Zot:2    | Noticed an orb of fire
 46130 | Zot:2    | Reached skill level 17 in Armour
 46144 | Zot:2    | Reached skill level 6 in Spellcasting
 46170 | Zot:2    | Reached skill level 8 in Translocations
 46181 | Zot:2    | HP: 58/292 [golden dragon (36)]
 46181 | Zot:2    | HP: 28/292 [white draconian stormcaller/divine providence
                  | (9)]
 46187 | Zot:1    | HP: 48/282 [shadow dragon/bolt of negative energy (20)]
 46338 | Zot:2    | Noticed an orb of fire
 46344 | Zot:2    | Gained mutation: Your health recovers twice as slowly from
                  | being drained. [an orb of fire]
 46347 | Zot:2    | Gained mutation: Your body sometimes deteriorates upon
                  | taking damage. [an orb of fire]
 46357 | Zot:2    | Killed an orb of fire
 46384 | Zot:2    | Reached skill level 10 in Evocations
 46408 | Zot:2    | Noticed a Killer Klown
 46415 | Zot:2    | Killed a Killer Klown
 46457 | Zot:2    | HP: 71/292 [purple draconian/bolt of dispelling energy
                  | (28)]
 46674 | Zot:2    | Learned a level 3 spell: Fugue of the Fallen
 46681 | Zot:2    | Learned a level 6 spell: Death Channel
 46690 | Zot:2    | Learned a level 8 spell: Borgnjor's Revivification
 46867 | Zot:2    | Gained mutation: Armour fits poorly on your strangely
                  | shaped body. [an orb of fire]
 46876 | Zot:2    | Gained mutation: You are clumsy. (Dex -2) [an orb of fire]
 46878 | Zot:2    | Gained mutation: You are very clumsy. (Dex -4) [an orb of
                  | fire]
 46882 | Zot:2    | Killed an orb of fire
 47144 | Zot:3    | Noticed an orb of fire
 47306 | Zot:3    | Noticed a Killer Klown
 47315 | Zot:3    | Killed a Killer Klown
 47432 | Zot:3    | Reached skill level 7 in Spellcasting
 47561 | Zot:3    | Reached skill level 20 in Dodging
 47564 | Zot:3    | Identified the +10 plate armour of Unambiguity {Rampage
                  | Dex+3}
 47920 | Zot:4    | Reached skill level 25 in Fighting
 48083 | Zot:4    | Reached XP level 26. HP: 273/283 MP: 14/33
 48117 | Zot:4    | Reached skill level 9 in Translocations
 48542 | Zot:4    | Reached skill level 11 in Evocations
 48553 | Zot:4    | Noticed a juggernaut
 48569 | Zot:4    | Killed a juggernaut
 48820 | Zot:4    | Found a runed translucent door.
 48820 | Zot:4    | Found a shimmering altar of Xom.
 48820 | Zot:4    | Noticed Cuhyol's ghost (veteran MfSh)
 48821 | Zot:4    | Identified the +1 triple sword of Lies {chaos, +Blink
                  | rElec}
 49144 | Zot:5    | Entered Level 5 of the Realm of Zot
 49255 | Zot:5    | Reached skill level 8 in Spellcasting
 49256 | Zot:5    | Reached skill level 15 in Shields
 49258 | Zot:5    | HP: 71/295 [goliath frog[a protean progenitor] (18)]
 49258 | Zot:5    | HP: 7/295 [purple draconian/bolt of dispelling energy[a
                  | yellow draconian annihilator] (43)]
 49407 | Zot:5    | Noticed an orb of fire
 49409 | Zot:5    | Noticed an ancient lich
 49488 | Zot:5    | Noticed an orb of fire
 49507 | Zot:4    | Gained mutation: Potions are less effective at restoring
                  | your health. [an orb of fire]
 49510 | Zot:4    | Killed an orb of fire
 49599 | Zot:4    | Killed an ancient lich
 49748 | Zot:5    | Gained mutation: You possess an exceptional clarity of
                  | mind. [an orb of fire]
 49754 | Zot:5    | Gained mutation: Your magical capacity is low. (-10% MP)
                  | [an orb of fire]
 49762 | Zot:5    | Killed an orb of fire
 49828 | Zot:5    | Noticed an orb of fire
 49877 | Zot:5    | Lost mutation: You possess an exceptional clarity of mind.
                  | [an orb of fire]
 49900 | Zot:5    | Killed an orb of fire
 50068 | Zot:5    | Lost mutation: Your health recovers twice as slowly from
                  | being drained. [potion of mutation]
 50068 | Zot:5    | Lost mutation: Your magical capacity is low. (-10% MP)
                  | [potion of mutation]
 50068 | Zot:5    | Gained mutation: You have a pair of small horns on your
                  | head. [potion of mutation]
 50068 | Zot:5    | Gained mutation: Your spells are a little harder to cast,
                  | but a little more powerful. [potion of mutation]
 50069 | Zot:5    | Lost mutation: Your body sometimes deteriorates upon taking
                  | damage. [potion of mutation]
 50069 | Zot:5    | Lost mutation: Your spells are a little harder to cast, but
                  | a little more powerful. [potion of mutation]
 50069 | Zot:5    | Lost mutation: Armour fits poorly on your strangely shaped
                  | body. [potion of mutation]
 50069 | Zot:5    | Gained mutation: You are somewhat resistant to further
                  | mutation. [potion of mutation]
 50069 | Zot:5    | Gained mutation: You occasionally lose the ability to read
                  | scrolls when taking damage. [potion of mutation]
 50070 | Zot:5    | Lost mutation: You have a pair of small horns on your head.
                  | [potion of mutation]
 50070 | Zot:5    | Lost mutation: You are very clumsy. (Dex -4) [potion of
                  | mutation]
 50070 | Zot:5    | Gained mutation: You are weak. (Str -2) [potion of
                  | mutation]
 50201 | Depths:4 | Identified the +2 great sword "Mauxt" {flame, rPois rN+
                  | Str+3}
 50486 | Slime:1  | Entered Level 1 of the Pits of Slime
 50577 | Slime:2  | Noticed Dissolution
 50600 | Slime:1  | Reached skill level 10 in Translocations
 50600 | Slime:1  | Killed Dissolution
 50601 | Slime:1  | Reached skill level 18 in Armour
 50859 | Slime:4  | Gained mutation: Your body sometimes deteriorates upon
                  | taking damage. [a shining eye]
 50894 | Slime:5  | Entered Level 5 of the Pits of Slime
 50938 | Slime:5  | Noticed the Royal Jelly
 51033 | Slime:5  | Reached XP level 27. HP: 286/317 MP: 35/35
 51248 | Slime:3  | Reached skill level 26 in Fighting
 51251 | Slime:3  | Reached skill level 12 in Evocations
 51453 | Slime:5  | Found a viscous altar of Jiyva.
 51460 | Slime:5  | Fell from the grace of Beogh
 51460 | Slime:5  | Became a worshipper of Jiyva Jothruci the Shapeless
 51782 | Crypt:1  | Entered Level 1 of the Crypt
 51782 | Crypt:1  | Identified the ring "Lokhleuje" {Ice rElec rN+ Slay+3}
 51782 | Crypt:1  | Noticed Josephina
 51807 | Crypt:1  | Killed Josephina
 51808 | Crypt:1  | Reached skill level 9 in Spellcasting
 52228 | Crypt:1  | Reached * piety under Jiyva
 53060 | Crypt:2  | Noticed Khufu
 53068 | Crypt:2  | Noticed a royal mummy
 53069 | Crypt:2  | HP: 64/302 [???[Khufu] (56)]
 53089 | Crypt:2  | Killed Khufu
 53095 | Crypt:2  | Killed a royal mummy
 54004 | Crypt:3  | Entered Level 3 of the Crypt
 54049 | Crypt:3  | Reached ** piety under Jiyva
 54073 | Crypt:3  | HP: 76/318 [flayed ghost/flay_damage (30)]
 54119 | Crypt:3  | Found a staircase to the Tomb.
 54210 | Crypt:3  | Noticed Xtahua
 54229 | Crypt:3  | Paralysed by Xtahua for 2 turns
 54236 | Crypt:3  | Killed Xtahua
 54765 | Crypt:3  | Reached *** piety under Jiyva
 55002 | Crypt:3  | Reached skill level 11 in Translocations
 55033 | Crypt:3  | Noticed Jory
 55056 | Crypt:3  | Killed Jory
 55130 | Crypt:3  | Lost mutation: Potions are less effective at restoring your
                  | health. [Jiyva's grace]
 55130 | Crypt:3  | Lost mutation: You occasionally lose the ability to read
                  | scrolls when taking damage. [Jiyva's grace]
 55130 | Crypt:3  | Gained mutation: Armour fits poorly on your pseudopods.
                  | [Jiyva's grace]
 55130 | Crypt:3  | Gained mutation: Armour fits poorly on your large
                  | pseudopods. [Jiyva's grace]
 55130 | Crypt:3  | Gained mutation: Armour fits poorly on your massive
                  | pseudopods. [Jiyva's grace]
 55130 | Crypt:3  | Gained mutation: Your body has grown eyes which may confuse
                  | attackers. (Acc +3) [Jiyva's grace]
 55388 | Crypt:3  | Got the Book of Unholy Magicks
 55649 | Depths:2 | Learned a level 6 spell: Dispersal
 55650 | Pan      | Entered Pandemonium
 55789 | Pan      | Noticed Rimeagiu the pandemonium lord
 55795 | Pan      | Reached skill level 16 in Shields
 55812 | Pan      | Killed Rimeagiu the pandemonium lord
 55857 | Pan      | Reached skill level 10 in Spellcasting
 55894 | Pan      | Reached skill level 21 in Dodging
 55925 | Pan      | Noticed Mennas
 55934 | Pan      | Killed Mennas
 56041 | Pan      | Reached **** piety under Jiyva
 56069 | Pan      | Reached skill level 1 in Polearms
 56159 | Pan      | Got a demonic rune of Zot
 56174 | Pan      | Identified the +9 plate armour "Arhisiul" {Fly rC- MP+9}
 56308 | Pan      | Reached skill level 2 in Polearms
 56463 | Pan      | Entered the realm of Gloorx Vloq.
 56515 | Pan      | Reached skill level 3 in Polearms
 56552 | Pan      | Reached skill level 4 in Polearms
 56666 | Pan      | Reached skill level 5 in Polearms
 56952 | Pan      | Reached skill level 6 in Polearms
 57144 | Pan      | Reached ***** piety under Jiyva
 57212 | Pan      | Reached skill level 7 in Polearms
 57285 | Pan      | Reached skill level 14 in Necromancy
 57382 | Pan      | HP: 71/319 [large abomination[an Executioner] (25)]
 57387 | Pan      | HP: 45/319 [??? (38)]
 57484 | Pan      | Reached skill level 13 in Evocations
 57509 | Pan      | Noticed Gloorx Vloq
 57777 | Pan      | Reached skill level 8 in Polearms
 57965 | Pan      | HP: 53/321 [??? (44)]
 58270 | Pan      | Killed Gloorx Vloq
 58350 | Pan      | Got a dark rune of Zot
 58506 | Pan      | Entered the realm of Cerebov.
 58789 | Pan      | Identified the +3 cloak of Odiph {rF+ Will+ SInv}
 58956 | Pan      | Lost mutation: You are clumsy. (Dex -2) [Jiyva's grace]
 58956 | Pan      | Lost mutation: Your body has grown eyes which may confuse
                  | attackers. (Acc +3) [Jiyva's grace]
 58956 | Pan      | Lost mutation: Armour fits poorly on your massive
                  | pseudopods. [Jiyva's grace]
 58956 | Pan      | Lost mutation: Armour fits poorly on your large pseudopods.
                  | [Jiyva's grace]
 58956 | Pan      | Gained mutation: You have a small jelly attached to you
                  | that senses nearby items. [Jiyva's grace]
 58956 | Pan      | Gained mutation: You have acidic saliva. [Jiyva's grace]
 58956 | Pan      | Gained mutation: You expend magic power (3 MP) to
                  | strengthen your wands. [Jiyva's grace]
 58956 | Pan      | Gained mutation: Your skin changes colour to match your
                  | surroundings (Stealth+). [Jiyva's grace]
 59167 | Pan      | Identified the ring "Iguenn" {MP+9 Str+6 Int+2}
 59433 | Pan      | Found the +6 sword of Cerebov {flame}
 59433 | Pan      | Noticed Cerebov
 59445 | Pan      | Identified the +8 hand axe of Riulov {spect, rElec rF+ rC+
                  | Int-2}
 59573 | Pan      | Identified the ring "Ohosaz" {rC- Will+ rCorr Str+2 Dex+6}
 59633 | Pan      | Identified the +6 glaive "Istroc" {vamp, rC+}
 59641 | Pan      | Identified the staff "Kiad" {rPois rC+ rN+ Dex-5 Conj}
 59645 | Pan      | Identified the ring "Tuen" {Will+ Str+2 SInv}
 59668 | Pan      | Got Sif Muna's Compendium of the Poisonous Gathering
 59690 | Pan      | Identified the +3 flail "Ykkes" {distort, Will+ rCorr MP+9}
 59788 | Pan      | HP: 41/321 [Cerebov/great blast of fire (48)]
 59950 | Pan      | HP: 71/321 [Cerebov/great blast of fire (67)]
 60016 | Pan      | HP: 40/321 [Cerebov/great blast of fire (56)]
 60025 | Pan      | Killed Cerebov
 60096 | Pan      | Got a fiery rune of Zot
 60526 | Pan      | Noticed Zekiwa the pandemonium lord
 60581 | Pan      | Killed Zekiwa the pandemonium lord
 60715 | Pan      | Reached skill level 19 in Armour
 60982 | Pan      | Found an exit through the horrors of the Abyss.
 61253 | Pan      | Reached skill level 11 in Stealth
 61486 | Depths:2 | Escaped Pandemonium
 61494 | Pan      | Entered Pandemonium
 61554 | Pan      | HP: 53/316 [??? (45)]
 61561 | Pan      | HP: 34/314 [reaper/+3 heavy scythe (20)]
 61836 | Pan      | Noticed Iteubye the pandemonium lord
 61860 | Pan      | Killed Iteubye the pandemonium lord
 61875 | Pan      | Reached skill level 12 in Translocations
 61883 | Pan      | Reached skill level 9 in Polearms
 61893 | Pan      | Reached skill level 27 in Fighting
 61963 | Pan      | Lost mutation: Your skin changes colour to match your
                  | surroundings (Stealth+). [Jiyva's grace]
 61963 | Pan      | Lost mutation: You have acidic saliva. [Jiyva's grace]
 61963 | Pan      | Lost mutation: You have a small jelly attached to you that
                  | senses nearby items. [Jiyva's grace]
 61963 | Pan      | Gained mutation: Your flesh is cold resistant. (rC+)
                  | [Jiyva's grace]
 61963 | Pan      | Gained mutation: Your flesh is very cold resistant. (rC++)
                  | [Jiyva's grace]
 61963 | Pan      | Gained mutation: Your flesh is almost immune to the effects
                  | of cold. (rC+++) [Jiyva's grace]
 61963 | Pan      | Gained mutation: You passively dampen the noise of your
                  | surroundings. [Jiyva's grace]
 62228 | Pan      | Reached skill level 11 in Spellcasting
 62324 | Pan      | Entered the realm of Lom Lobon.
 62324 | Pan      | Noticed Lom Lobon
 62415 | Pan      | Found an exit through the horrors of the Abyss.
 62416 | Pan      | Reached ****** piety under Jiyva
 62678 | Pan      | Reached skill level 15 in Necromancy
 63265 | Pan      | Killed Lom Lobon
 63266 | Pan      | Reached skill level 14 in Evocations
 63288 | Pan      | Got a magical rune of Zot
 63420 | Pan      | Took an exit into the Abyss.
 63420 | Abyss:1  | Escaped into the Abyss
 63425 | Abyss:1  | Found a corrupted altar of Lugonu.
 63502 | Abyss:1  | Found a corrupted altar of Lugonu.
 63515 | Abyss:1  | Found a corrupted altar of Lugonu.
 63542 | Depths:2 | Escaped the Abyss
 63880 | Slime:5  | Identified the +6 ring mail of Agasi {rC+ rN+ Dex+4}
 63892 | Slime:5  | Identified the amulet "Sonuemi" {rPois rN+ RegenMP+}
 63894 | Slime:5  | Got a slimy rune of Zot
 63921 | Slime:5  | Got the Catalogue of the Serac
 63939 | Slime:5  | Identified the +9 great sword "Rigyvere" {pain, rPois rC+
                  | Int-5}
 63941 | Slime:5  | Identified the +0 mace of the Pyrrhic Victory {holy, Fly
                  | rPois rN+}
 64272 | Pan      | Entered Pandemonium
 64272 | Pan      | Noticed Felet the pandemonium lord
 64314 | Pan      | Killed Felet the pandemonium lord
 64525 | Pan      | Identified the +4 ring mail of Ciream {Regen+ Int+3}
 64766 | Pan      | Lost mutation: You are somewhat resistant to further
                  | mutation. [Jiyva's grace]
 64766 | Pan      | Lost mutation: You passively dampen the noise of your
                  | surroundings. [Jiyva's grace]
 64766 | Pan      | Gained mutation: Your translucent skin slightly reduces
                  | your foes' accuracy. (Stealth+) [Jiyva's grace]
 64766 | Pan      | Gained mutation: Your translucent skin reduces your foes'
                  | accuracy. (Stealth+) [Jiyva's grace]
 64766 | Pan      | Gained mutation: Your transparent skin significantly
                  | reduces your foes' accuracy. (Stealth+) [Jiyva's grace]
 64766 | Pan      | Gained mutation: You are agile. (Dex +4, Str/Int -1)
                  | [Jiyva's grace]
 64904 | Pan      | Found an exit through the horrors of the Abyss.
 65060 | Pan      | Learned a level 6 spell: Gell's Gavotte
 65280 | Pan      | Noticed Focoat the pandemonium lord
 65309 | Pan      | Killed Focoat the pandemonium lord
 65334 | Pan      | Gained mutation: You occasionally lose the ability to drink
                  | potions when taking damage. [a neqoxec]
 65465 | Pan      | Found an exit through the horrors of the Abyss.
 66131 | Pan      | Entered the realm of Mnoleg.
 66164 | Pan      | Reached skill level 12 in Spellcasting
 66245 | Pan      | Reached skill level 13 in Translocations
 66265 | Pan      | Gained mutation: You sometimes lose your temper in combat.
                  | [a neqoxec]
 66408 | Pan      | Gained mutation: Your spells are a little easier to cast,
                  | but a little less powerful. [a neqoxec]
 66435 | Pan      | Gained mutation: You are very weak. (Str -4) [a neqoxec]
 66484 | Pan      | Gained mutation: You sometimes lose the ability to drink
                  | potions when taking damage. [a neqoxec]
 66623 | Pan      | Was forgiven by Beogh
 66702 | Pan      | Found an exit through the horrors of the Abyss.
 66812 | Pan      | Reached skill level 13 in Spellcasting
 66863 | Pan      | Lost mutation: You expend magic power (3 MP) to strengthen
                  | your wands. [potion of mutation]
 66863 | Pan      | Lost mutation: You are very weak. (Str -4) [potion of
                  | mutation]
 66863 | Pan      | Lost mutation: Armour fits poorly on your pseudopods.
                  | [potion of mutation]
 66863 | Pan      | Gained mutation: You have a pair of small horns on your
                  | head. [potion of mutation]
 66863 | Pan      | Gained mutation: You have an increased reservoir of magic.
                  | (+10% MP) [potion of mutation]
 66864 | Pan      | Lost mutation: You have an increased reservoir of magic.
                  | (+10% MP) [potion of mutation]
 66864 | Pan      | Lost mutation: Your spells are a little easier to cast, but
                  | a little less powerful. [potion of mutation]
 66864 | Pan      | Lost mutation: You sometimes lose your temper in combat.
                  | [potion of mutation]
 66864 | Pan      | Lost mutation: Your transparent skin significantly reduces
                  | your foes' accuracy. (Stealth+) [potion of mutation]
 66865 | Pan      | Lost mutation: You have a pair of small horns on your head.
                  | [potion of mutation]
 66865 | Pan      | Lost mutation: Your body sometimes deteriorates upon taking
                  | damage. [potion of mutation]
 66865 | Pan      | Lost mutation: You are agile. (Dex +4, Str/Int -1) [potion
                  | of mutation]
 66865 | Pan      | Lost mutation: Your translucent skin reduces your foes'
                  | accuracy. (Stealth+) [potion of mutation]
 66865 | Pan      | Gained mutation: Armour fits poorly on your strangely
                  | shaped body. [potion of mutation]
 67028 | Pan      | Lost mutation: Your flesh is almost immune to the effects
                  | of cold. (rC+++) [Jiyva's grace]
 67028 | Pan      | Lost mutation: Your flesh is very cold resistant. (rC++)
                  | [Jiyva's grace]
 67028 | Pan      | Lost mutation: Your flesh is cold resistant. (rC+) [Jiyva's
                  | grace]
 67028 | Pan      | Lost mutation: You sometimes lose the ability to drink
                  | potions when taking damage. [Jiyva's grace]
 67028 | Pan      | Gained mutation: You have a pair of small antennae on your
                  | head. [Jiyva's grace]
 67028 | Pan      | Gained mutation: You have a pair of antennae on your head.
                  | [Jiyva's grace]
 67028 | Pan      | Gained mutation: You have a pair of large antennae on your
                  | head. (SInv) [Jiyva's grace]
 67028 | Pan      | Gained mutation: You are somewhat resistant to further
                  | mutation. [Jiyva's grace]
 67119 | Pan      | Reached skill level 14 in Translocations
 67196 | Pan      | Noticed Mnoleg
 67381 | Pan      | HP: 48/323 [??? (39)]
 67382 | Pan      | HP: 18/323 [Mnoleg (12)]
 67493 | Pan      | HP: 79/323 [??? (69)]
 67648 | Pan      | Killed Mnoleg
 67718 | Pan      | Got a glowing rune of Zot
 67811 | Pan      | Found an exit through the horrors of the Abyss.
 67852 | Pan      | Took an exit into the Abyss.
 67852 | Abyss:1  | Escaped into the Abyss
 68019 | Abyss:2  | Found a shimmering altar of Xom.
 68021 | Abyss:2  | Found a corrupted altar of Lugonu.
 68100 | Abyss:2  | Found a corrupted altar of Lugonu.
 68187 | Abyss:2  | Found a corrupted altar of Lugonu.
 68187 | Abyss:2  | Found a corrupted altar of Lugonu.
 68243 | Abyss:3  | Found a corrupted altar of Lugonu.
 68249 | Abyss:3  | Found a corrupted altar of Lugonu.
 68290 | Abyss:3  | Found a transporter.
 68352 | Abyss:3  | Reached skill level 14 in Spellcasting
 68397 | Abyss:3  | Found a transporter.
 68399 | Abyss:3  | Got an abyssal rune of Zot
 68405 | Abyss:3  | Found a transporter.
 68432 | Depths:2 | Escaped the Abyss
 68588 | D:12     | Bought a manual of Polearms for 1120 gold pieces
 68588 | D:12     | Bought a manual of Translocations for 1120 gold pieces
 68784 | Elf:1    | Bought a scroll of revelation for 127 gold pieces
 68784 | Elf:1    | Bought a scroll of immolation for 68 gold pieces
 68790 | Elf:1    | Bought a scroll of fog for 72 gold pieces
 68790 | Elf:1    | Bought a scroll of enchant armour for 135 gold pieces
 68790 | Elf:1    | Bought a scroll of poison for 72 gold pieces
 68790 | Elf:1    | Bought a scroll of fog for 72 gold pieces
 68790 | Elf:1    | Bought a scroll of immolation for 72 gold pieces
 68790 | Elf:1    | Bought a scroll of enchant weapon for 135 gold pieces
 68795 | Elf:1    | Learned a level 3 spell: Vampiric Draining
 69086 | Hell     | Entered the Vestibule of Hell
 69087 | Hell     | Noticed Geryon
 69099 | Hell     | Reached skill level 15 in Translocations
 69109 | Hell     | Lost mutation: You occasionally lose the ability to drink
                  | potions when taking damage. [Jiyva's grace]
 69109 | Hell     | Gained mutation: Your melee attacks may engulf your foes in
                  | ooze. [Jiyva's grace]
 69109 | Hell     | Gained mutation: You have acidic saliva. [Jiyva's grace]
 69109 | Hell     | Gained mutation: You are agile. (Dex +4, Str/Int -1)
                  | [Jiyva's grace]
 69109 | Hell     | Gained mutation: You are very agile. (Dex +8, Str/Int -2)
                  | [Jiyva's grace]
 69229 | Hell     | Killed Geryon
 69347 | Hell     | Reached skill level 16 in Translocations
 69410 | Depths:2 | Upgraded the game from 0.32-a0-975-g85d4e5bfdb to
                  | 0.32-a0-995-gb4a59205af
 69505 | Hell     | Found a gateway to the Iron City of Dis.
 69592 | Hell     | Found a gateway to the ashen valley of Gehenna.
 69752 | Hell     | Found a gateway to the decaying netherworld of Tartarus.
 69952 | Hell     | Reached skill level 15 in Spellcasting
 69969 | Hell     | Found a gateway to the freezing wastes of Cocytus.
 70169 | Coc:1    | Entered Level 1 of Cocytus
 70268 | Coc:1    | Reached skill level 17 in Translocations
 71139 | Coc:4    | Reached skill level 18 in Translocations
 71231 | Coc:4    | Paralysed by a wendigo for 1 turns
 71245 | Coc:4    | HP: 62/323 [??? (52)]
 71249 | Coc:4    | HP: 29/323 [Ice Fiend/bolt of cold (24)]
 71362 | Coc:5    | Reached skill level 19 in Translocations
 71410 | Coc:5    | HP: 67/311 [??? (58)]
 71425 | Coc:5    | HP: 72/312 [elemental wellspring/torrent of water (14)]
 71431 | Coc:5    | HP: 67/312 [elemental wellspring/torrent of water (12)]
 71432 | Coc:5    | HP: 30/312 [elemental wellspring/torrent of water (44)]
 71446 | Coc:5    | HP: 65/313 [water elemental[an elemental wellspring] (13)]
 71950 | Coc:6    | Paralysed by a wendigo for 1 turns
 72017 | Coc:6    | Reached skill level 10 in Polearms
 72053 | Coc:6    | Paralysed by a wendigo for 1 turns
 72254 | Coc:7    | Entered Level 7 of Cocytus
 72260 | Coc:7    | Paralysed by a wendigo for 1 turns
 72264 | Coc:7    | Reached skill level 17 in Shields
 72268 | Coc:7    | Reached skill level 12 in Stealth
 72268 | Coc:7    | HP: 61/323 [??? (54)]
 72275 | Coc:7    | Paralysed by a wendigo for 1 turns
 72279 | Coc:7    | HP: 64/323 [wendigo/seracfall (10)]
 72284 | Coc:7    | HP: 77/323 [shard shrike (1)]
 72445 | Coc:7    | Paralysed by a wendigo for 1 turns
 72452 | Coc:7    | Noticed the Serpent of Hell
 72459 | Coc:7    | Paralysed by a wendigo for 1 turns
 72498 | Coc:7    | Reached skill level 16 in Spellcasting
 73045 | Coc:7    | HP: 74/321 [shard shrike/shard of ice (38)]
 73061 | Coc:7    | Paralysed by a wendigo for 1 turns
 73175 | Coc:7    | Paralysed by a wendigo for 1 turns
 73186 | Coc:7    | Noticed a dread lich
 73200 | Coc:7    | Killed a dread lich
 73336 | Coc:7    | Noticed a dread lich
 73348 | Coc:7    | Killed a dread lich
 73395 | Coc:7    | Reached skill level 13 in Invocations
 73534 | Coc:7    | Identified the +0 halberd of Napoth {freeze, SInv}
 73534 | Coc:7    | Noticed Antaeus
 73584 | Coc:7    | HP: 56/323 [Antaeus/the +0 halberd of Napoth {freeze, SInv}
                  | (31)]
 73584 | Coc:7    | HP: 24/323 [Antaeus/the +0 halberd of Napoth {freeze, SInv}
                  | (25)]
 73584 | Coc:7    | HP: 4/323 [Antaeus/the +0 halberd of Napoth {freeze, SInv}
                  | (20)]
 73769 | Coc:7    | Reached skill level 11 in Polearms
 73834 | Coc:7    | HP: 71/323 [the Serpent of Hell (30)]
 73835 | Coc:7    | HP: 30/323 [the Serpent of Hell/icy flash freeze (10)]
 73844 | Coc:7    | HP: 51/323 [the Serpent of Hell (6)]
 73844 | Coc:7    | HP: 23/323 [the Serpent of Hell (28)]
 74010 | Coc:7    | HP: 66/323 [golden dragon/bolt of cold[the Serpent of Hell]
                  | (24)]
 74011 | Coc:7    | HP: 28/323 [the Serpent of Hell (9)]
 74128 | Coc:7    | Killed the Serpent of Hell
 74297 | Coc:7    | Upgraded the game from 0.32-a0-995-gb4a59205af to
                  | 0.32-a0-996-gb3226c233f
 74339 | Coc:7    | Killed Antaeus
 74350 | Coc:7    | Got an icy rune of Zot
 74571 | Hell     | Lost mutation: Armour fits poorly on your strangely shaped
                  | body. [potion of mutation]
 74571 | Hell     | Lost mutation: You are somewhat resistant to further
                  | mutation. [potion of mutation]
 74571 | Hell     | Lost mutation: You have a pair of large antennae on your
                  | head. (SInv) [potion of mutation]
 74571 | Hell     | Gained mutation: Your mind is acute. (Int +4, Str/Dex -1)
                  | [potion of mutation]
 74571 | Hell     | Lost mutation: Your melee attacks may engulf your foes in
                  | ooze. [potion of mutation]
 74590 | Geh:1    | Entered Level 1 of Gehenna
 74669 | Geh:1    | Reached skill level 20 in Translocations
 75015 | Geh:2    | HP: 54/318 [??? (46)]
 75279 | Geh:2    | Lost mutation: You are very agile. (Dex +8, Str/Int -2)
                  | [Jiyva's grace]
 75279 | Geh:2    | Gained mutation: You expend magic power (3 MP) to
                  | strengthen your wands. [Jiyva's grace]
 75279 | Geh:2    | Gained mutation: Your melee attacks may engulf your foes in
                  | ooze. [Jiyva's grace]
 75279 | Geh:2    | Gained mutation: You have a small jelly attached to you
                  | that senses nearby items. [Jiyva's grace]
 75279 | Geh:2    | Gained mutation: You are strong-willed. (Will+) [Jiyva's
                  | grace]
 75380 | Geh:4    | Reached skill level 15 in Evocations
 75632 | Geh:7    | Entered Level 7 of Gehenna
 75909 | Geh:7    | Reached skill level 22 in Dodging
 76260 | Geh:7    | Reached skill level 12 in Polearms
 76535 | Geh:7    | Reached skill level 13 in Stealth
 76535 | Geh:7    | Reached skill level 14 in Invocations
 76858 | Geh:7    | HP: 70/323 [hellephant/blast of flame (38)]
 76957 | Geh:7    | HP: 80/323 [Brimstone Fiend/damnation (45)]
 76963 | Geh:7    | HP: 57/323 [Brimstone Fiend/damnation (38)]
 76968 | Geh:7    | HP: 31/323 [Brimstone Fiend/damnation (39)]
 76973 | Geh:7    | HP: 46/323 [Brimstone Fiend/damnation (42)]
 76977 | Geh:7    | HP: 21/323 [Brimstone Fiend/damnation (42)]
 76977 | Geh:7    | Killed from afar by a Brimstone Fiend

Illustrated notes

Levels and vault maps discovered:
D:1:      elethiomel_arrival_maze, layout_loops_ring, basic_ecumenical_altar,
          chequers_serial_rivers_large_b
D:2:      layout_loops_ring, minmay_misc_feat_five, minmay_circle_x
D:3:      layout_rooms, uniq_sigmund
D:4:      layout_cave_pods, lemuel_mausoleum_altar_yredelemnul,
          gammafunk_ghost_cemetery
D:5:      minmay_chambers_of_threes, layout_basic,
          chequers_serial_rivers_room_b, uniq_prince_ribbit1, uniq_edmund,
          uniq_menkaure
D:6:      layout_loops_corners, corexii_corridor_pit, kennysheep_big_empty_room,
          uniq_duvessa
D:7:      layout_basic, minmay_temple_entry_butterflies,
          kennysheep_generic_room_3
D:8:      layout_loops_ring, minitemple, ebering_ghost_disaster_area,
          enter_bailey_3, uniq_joseph, uniq_pikel, uniq_erica, uniq_jeremiah
D:9:      layout_loops_ring, david_orc_1_choice
D:10:     layout_cross, erik_lair_orcish_takeover
D:11:     layout_roguey, ebering_ghost_rock_garden, uniq_psyche
D:12:     layout_irregular_city, nicolae_shop_self_help
D:13:     layout_gridville, gammafunk_ghost_hydra_chop, special_room
          [special_room_orc], lemuel_freeze_loot_1
D:14:     layout_loops_corners, grunt_vaults_entry_tiered
D:15:     grunt_enter_depths_magical_seal, layout_stronghold,
          serial_bayou_ford_a, uniq_rupert
Lair:1:   layout_regular_city, portal_ice_cave_demonic_guard, basic_altar,
          lemuel_fruit_tree
Lair:2:   layout_hall_layers, minmay_shoals_entry_lonely_mermaid, basic_altar,
          serial_bayou_shore_b
Lair:3:   layout_regular_city, spider_nest_entry_a, gauntlet_entry_generic,
          serial_bayou_shore_b, infiniplex_staircase_pool_2, uniq_sonja
Lair:4:   layout_roguey [special_room_bee], slime_entry_2, serial_bayou_pond_a,
          st_stairs_7, tgw_fedhas, infiniplex_staircase_pool, uniq_urug
Lair:5:   gammafunk_lair_ancient_temple, layout_regular_city,
          eino_house_with_fridge
Shoals:1: layout_shoals, uniq_jorgrun
Shoals:2: layout_shoals, serial_shops, nicolae_shop_tiny_statue_garden
Shoals:3: layout_shoals, nicolae_stop_n_shop_1
Shoals:4: shoals_end_hellmonk_lost_city
Spider:1: layout_cave_pods, drop_trap, nicolae_spider_bzzzt, uniq_louise
Spider:2: layout_spider_delve, special_room, nicolae_spider_wall_of_niches
Spider:3: layout_cave_pods
Spider:4: grunt_spider_rune_parallel, nicolae_spider_altar_of_dancing,
          uniq_arachne
Slime:1:  layout_caves, nicolae_slime_getting_an_eyeful
Slime:2:  layout_caves, uniq_dissolution
Slime:3:  layout_caves
Slime:4:  layout_caves
Slime:5:  slime_pit_nicolae_jellycorners
Orc:1:    layout_caves
Orc:2:    st_orc_elflike, layout_caves
Elf:1:    eino_elf_arrival_shootout, layout_loops_corners,
          nicolae_elf_blasts_and_bolts, minmay_shoptagon
Elf:2:    elven_hall_of_blades_hangedman_original [nicolae_blade_bullseye],
          layout_geoelf_octagon, serial_shops, shop
Elf:3:    elf_hall, layout_loops_cross, serial_shops, nicolae_lakefront_shop,
          nicolae_elf_variegated_diamond
Vaults:1: nicolae_vaults_tetromino_Z_2, nicolae_vaults_shelves_hall,
          v_pattern_1, grunt_vaults_hallway_short, v_misc_10,
          nicolae_vaults_closet_pinwheel_6, lightli_orcish_oven,
          nicolae_vaults_closet_pinwheel_5, vaults_mumra_hex,
          vaults_room_semicircle, nicolae_vaults_house_3,
          grunt_vaults_hallway_short, layout_vaults_omnibox, serial_shops,
          shop_statue, nicolae_diamond_shop, nicolae_shop_peninsula,
          uniq_saint_roka
Vaults:2: ontoclasm_vaults_bender, nicolae_vaults_lightning_bolt,
          nicolae_vaults_closet_pinwheel_5, ontoclasm_vaults_loading_screen,
          nicolae_vaults_stairing_the_circle, nicolae_vaults_halls_meeting,
          v_misc_5, nicolae_vaults_ellipses_ellipsis, v_misc_2, v_misc_14,
          v_misc_28, nicolae_vaults_hexular_roomagon, hangedman_vaults_impose,
          layout_vaults_maze, serial_shops, bzr_entry_safe, nicolae_square_shop,
          nicolae_shop_stone
Vaults:3: nicolae_vaults_trapezoid_lopsided_4, nicolae_vaults_c_with_doors,
          nicolae_vaults_storage_room_glass,
          nicolae_vaults_door_testing_chamber, vaults_mumra_chevron,
          nicolae_vaults_what_the_h, vaults_room_hallway,
          nicolae_vaults_trapezoid_lopsided_2, v_misc_24,
          nicolae_vaults_house_1, minmay_crypt_entry_simple_corners, v_misc_10,
          nicolae_vaults_tangram_1, layout_vaults_big_room
Vaults:4: v_misc_9, grunt_vaults_diagonal, nicolae_vaults_storage_room_statues,
          v_pattern_5, nicolae_vaults_stepped_doors, nicolae_vaults_wine_cellar,
          nicolae_vaults_more_shelving_1, v_misc_12, nicolae_vaults_tangram_2,
          layout_vaults_omnigrid, serial_shops, bzr_in_the_mist
Vaults:5
Crypt:1:  layout_basic, uniq_josephina
Crypt:2:  layout_misc_corridors, uniq_khufu
Crypt:3:  due_elkab, layout_chaotic_city, tomb_entry_forgotten_bobbens,
          uniq_xtahua, uniq_jory
Depths:1: layout_cave_pools, hellmouth_2, nicolae_gozag_zags_fifth_avenue,
          nicolae_the_louvre
Depths:2: regret_index_reflect_refract, layout_small_grid,
          pf_vacation_house_of_asmodeus, chequers_serial_rivers_small_a,
          rand_demon_pan_entry_3, serial_shops, nicolae_shop_tiny_glass,
          grunt_qazlal_sundering, minmay_shop_grove
Depths:3: hangedman_spin_cycle, hell_entry, abyss_entry, uniq_mara, uniq_norris
Depths:4: evilmike_zot_entry_diamond, layout_cave_pools, enter_ziggurat_a,
          pan_entry, evilmike_ruin_ashenzari, serial_shops,
          nicolae_shop_pleasant_corner_grove, shop, hellmouth_1,
          nzn_hepliaklqana_mist_gate
Hell
Geh:1:    layout_gehenna_lava_caves
Geh:2:    layout_gehenna_pools_box, nicolae_geh_lavax
Geh:3:    nicolae_geh_seventh_circle, layout_gehenna_lava_caves
Geh:4:    layout_gehenna_lava_caves, nicolae_geh_lava_in_the_way
Geh:5:    layout_gehenna_pools_basic, nicolae_geh_lava_rosette
Geh:6:    layout_gehenna_lava_caves
Geh:7:    geh_old
Coc:1:    layout_cocytus_water_paths
Coc:2:    layout_ice_bergs
Coc:3:    layout_ice_bergs
Coc:4:    layout_ice_bergs, serial_ice, serial_ice_h, serial_ice_e
Coc:5:    layout_ice_bergs
Coc:6:    layout_ice_bergs
Coc:7:    coc_grunt
Zot:1:    layout_misc_corridors
Zot:2:    cheibrodos_zot_enchanting_chambers, layout_misc_corridors
Zot:3:    layout_gridlike, skrybe_zot_glass_1, hangedman_zot_decor_slant
Zot:4:    ebering_greatest_show_in_zot, layout_misc_corridors,
          regret_index_zotdec_golden_two_three, ebering_ghost_xom
Zot:5:    layout_misc_corridors

Skill      XL: |  1  2  3  4  5  6  7  8  9 10 11 12 13 14 15 16 17 18 19 20 21 22 23 24 25 26 27 |
---------------+----------------------------------------------------------------------------------+-----
Fighting       | 3 4 6 7 9 10 12 13 15 16 17 18 19 20 22 23 24 25 27 | 27.0
Dodging        | 1 4 7 9 11 13 14 15 16 17 18 19 20 22 | 22.1
Armour         | 1 7 8 9 10 12 13 14 15 16 17 18 19 | 19.9
Axes           | 1 10 14 15 16 17 18 | 18.7
Shields        | 5 8 10 11 12 13 14 15 17 | 17.6
Invocations    | 5 8 10 11 12 14 | 14.1
Stealth        | 5 7 8 9 10 13 | 13.1
Evocations     | 1 4 7 9 10 11 15 | 15.3
Translocations | 3 5 7 8 10 20 | 20.4
Necromancy     | 5 11 13 15 | 15.3
Spellcasting   | 2 5 7 8 16 | 16.6
Polearms       | 12 | 12.3
Short Blades   | |  1.7
Throwing       | |  1.7

Action                     |  1- 3 |  4- 6 |  7- 9 | 10-12 | 13-15 | 16-18 | 19-21 | 22-24 | 25-27 || total
---------------------------+-------+-------+-------+-------+-------+-------+-------+-------+-------++-------
  Melee: Dagger            |   107 |    90 |   218 |    71 |       |       |       |       |       ||   486
         Triple sword      |       |       |       |    15 |       |       |       |       |       ||    15
         Trident           |       |       |       |   208 |       |       |       |       |       ||   208
         Broad axe         |       |       |       |    10 |   368 |   668 |  1111 |  1164 |  2257 ||  5578
         Kick              |       |       |       |       |       |   151 |   520 |   566 |  2800 ||  4037
         Trishula          |       |       |       |       |       |       |       |       |  4208 ||  4208
         Pseudopods        |       |       |       |       |       |       |       |       |   641 ||   641
         Bite              |       |       |       |       |       |       |       |       |   382 ||   382
  Throw: Stone             |     1 |       |       |       |       |       |       |     1 |       ||     2
         Dart              |       |     8 |    16 |       |       |       |       |       |     1 ||    25
   Cast: Apportation       |       |       |       |       |       |       |     7 |       |    31 ||    38
         Blink             |       |       |       |       |       |       |       |     1 |    23 ||    24
         Manifold Assault  |       |       |       |       |       |       |       |       |   435 ||   435
 Invoke: Recruit Apostle   |       |       |     2 |     1 |     2 |     2 |     4 |     3 |       ||    14
         Recall Apostles   |       |       |     1 |     3 |     2 |     4 |       |     1 |     1 ||    12
         Dismiss Apostle   |       |       |       |       |     2 |     2 |     4 |     3 |       ||    11
         Slimify           |       |       |       |       |       |       |       |       |     1 ||     1
  Evoke: Wand              |       |       |       |     6 |       |       |     7 |    10 |    22 ||    45
         Lightning rod     |       |       |       |       |       |       |     4 |    14 |    27 ||    45
         Box of beasts     |       |       |       |       |       |       |     2 |     4 |    10 ||    16
         Tin of tremorston |       |       |       |       |       |       |     2 |     5 |    17 ||    24
         Phantom mirror    |       |       |       |       |       |       |       |     1 |     9 ||    10
         Horn of Geryon    |       |       |       |       |       |       |       |       |     2 ||     2
         Phial of floods   |       |       |       |       |       |       |       |       |     2 ||     2
    Use: Scroll            |     7 |     1 |     5 |    19 |     6 |     7 |     5 |     5 |    50 ||   105
         Potion            |     1 |     2 |     3 |     4 |     1 |     1 |     3 |     9 |    43 ||    67
   Stab: Sleeping          |     9 |     5 |     9 |     9 |     5 |     7 |    29 |    13 |    26 ||   112
         Distracted        |       |       |       |     3 |     8 |     4 |     1 |     9 |    51 ||    76
         Petrified         |       |       |       |       |       |     4 |       |       |       ||     4
         Petrifying        |       |       |       |       |       |     2 |       |       |     1 ||     3
         Invisible         |       |       |       |       |       |       |       |       |    39 ||    39
         Confused          |       |       |       |       |       |       |       |       |     5 ||     5
         Paralysed         |       |       |       |       |       |       |       |       |     1 ||     1
 Armour: Robe              |    61 |    46 |   118 |    96 |    56 |       |       |       |       ||   377
         Acid dragon scale |       |       |       |    81 |       |       |       |       |       ||    81
         Troll leather arm |       |       |       |    12 |   160 |   367 |   610 |   672 |  1527 ||  3348
         Ring mail         |       |       |       |       |       |       |       |       |   828 ||   828
  Dodge: Dodged            |    56 |    30 |   116 |   211 |   271 |   458 |   598 |   632 |  2920 ||  5292
  Block: Buckler           |       |       |       |    68 |   121 |   250 |   382 |   296 |   763 ||  1880
         Reflection        |       |       |       |       |       |       |       |    20 |     1 ||    21
         Kite shield       |       |       |       |       |       |       |       |       |  1943 ||  1943

Table legend: (Time is in decaauts)
 A = Elapsed time spent in this place.
 B = Non-inter-level travel time spent in this place.
 C = Inter-level travel time spent in this place.
 D = Time resting spent in this place.
 E = Time spent auto-exploring this place.
 F = Levels seen in this place.
 G = Mean time per level.
                   A        B        C        D        E       F      G
               +--------+--------+--------+--------+--------+-----+--------+
         Total |  74929 |  67203 |   7726 |    865 |  46124 |  89 |  841.9 |
       Dungeon |  15504 |  12297 |   3207 |     28 |   9764 |  15 | 1033.6 |
          Lair |   4861 |   4259 |    602 |      4 |   3098 |   5 |  972.2 |
        Shoals |   3450 |   3364 |     86 |      0 |   2766 |   4 |  862.5 |
   Spider Nest |   4218 |   3905 |    313 |     17 |   2944 |   4 | 1054.5 |
    Slime Pits |   1200 |    997 |    203 |    306 |    181 |   5 |  240.0 |
  Orcish Mines |   1130 |    847 |    283 |      0 |    648 |   2 |  565.0 |
   Elven Halls |   3596 |   3101 |    495 |      6 |   2404 |   3 | 1198.7 |
        Vaults |   7669 |   6792 |    877 |    142 |   4386 |   5 | 1533.8 |
         Crypt |   2930 |   2761 |    169 |      0 |   1961 |   3 |  976.7 |
        Depths |   5307 |   4624 |    683 |     17 |   3245 |   4 | 1326.8 |
          Hell |    991 |    952 |     39 |      0 |    624 |   1 |  991.0 |
       Gehenna |   2223 |   2202 |     21 |      0 |   1526 |   7 |  317.6 |
       Cocytus |   4270 |   3984 |    286 |    206 |   2171 |   7 |  610.0 |
           Zot |   4621 |   4164 |    457 |      0 |   2915 |   5 |  924.2 |
         Abyss |    651 |    651 |      0 |      9 |     32 |   4 |  162.8 |
   Pandemonium |  10564 |  10564 |      0 |    129 |   6398 |  10 | 1056.4 |
        Bazaar |    230 |    230 |      0 |      0 |    101 |   2 |  115.0 |
        Bailey |    396 |    396 |      0 |      0 |    240 |   1 |  396.0 |
      Ice Cave |    515 |    515 |      0 |      0 |    275 |   1 |  515.0 |
      Gauntlet |    592 |    592 |      0 |      0 |    443 |   1 |  592.0 |
               +--------+--------+--------+--------+--------+-----+--------+

Top non-repeatable levels by time:
   Coc:7: 2153 daAuts
Vaults:5: 2041 daAuts
   Zot:4: 1737 daAuts
Depths:3: 1664 daAuts
Vaults:4: 1655 daAuts
Depths:2: 1589 daAuts
    D:14: 1528 daAuts
Vaults:1: 1441 daAuts
   Elf:3: 1408 daAuts
     D:4: 1391 daAuts
 Crypt:3: 1361 daAuts
    D:15: 1341 daAuts
Vaults:2: 1314 daAuts
     D:9: 1306 daAuts
   Elf:1: 1298 daAuts

Levels and vault maps discovered:
D:1:      elethiomel_arrival_maze, layout_loops_ring, basic_ecumenical_altar,
          chequers_serial_rivers_large_b
D:2:      layout_loops_ring, minmay_misc_feat_five, minmay_circle_x
D:3:      layout_rooms, uniq_sigmund
D:4:      layout_cave_pods, lemuel_mausoleum_altar_yredelemnul,
          gammafunk_ghost_cemetery
D:5:      minmay_chambers_of_threes, layout_basic,
          chequers_serial_rivers_room_b, uniq_prince_ribbit1, uniq_edmund,
          uniq_menkaure
D:6:      layout_loops_corners, corexii_corridor_pit, kennysheep_big_empty_room,
          uniq_duvessa
D:7:      layout_basic, minmay_temple_entry_butterflies,
          kennysheep_generic_room_3
D:8:      layout_loops_ring, minitemple, ebering_ghost_disaster_area,
          enter_bailey_3, uniq_joseph, uniq_pikel, uniq_erica, uniq_jeremiah
D:9:      layout_loops_ring, david_orc_1_choice
D:10:     layout_cross, erik_lair_orcish_takeover
D:11:     layout_roguey, ebering_ghost_rock_garden, uniq_psyche
D:12:     layout_irregular_city, nicolae_shop_self_help
D:13:     layout_gridville, gammafunk_ghost_hydra_chop, special_room
          [special_room_orc], lemuel_freeze_loot_1
D:14:     layout_loops_corners, grunt_vaults_entry_tiered
D:15:     grunt_enter_depths_magical_seal, layout_stronghold,
          serial_bayou_ford_a, uniq_rupert
Lair:1:   layout_regular_city, portal_ice_cave_demonic_guard, basic_altar,
          lemuel_fruit_tree
Lair:2:   layout_hall_layers, minmay_shoals_entry_lonely_mermaid, basic_altar,
          serial_bayou_shore_b
Lair:3:   layout_regular_city, spider_nest_entry_a, gauntlet_entry_generic,
          serial_bayou_shore_b, infiniplex_staircase_pool_2, uniq_sonja
Lair:4:   layout_roguey [special_room_bee], slime_entry_2, serial_bayou_pond_a,
          st_stairs_7, tgw_fedhas, infiniplex_staircase_pool, uniq_urug
Lair:5:   gammafunk_lair_ancient_temple, layout_regular_city,
          eino_house_with_fridge
Shoals:1: layout_shoals, uniq_jorgrun
Shoals:2: layout_shoals, serial_shops, nicolae_shop_tiny_statue_garden
Shoals:3: layout_shoals, nicolae_stop_n_shop_1
Shoals:4: shoals_end_hellmonk_lost_city
Spider:1: layout_cave_pods, drop_trap, nicolae_spider_bzzzt, uniq_louise
Spider:2: layout_spider_delve, special_room, nicolae_spider_wall_of_niches
Spider:3: layout_cave_pods
Spider:4: grunt_spider_rune_parallel, nicolae_spider_altar_of_dancing,
          uniq_arachne
Slime:1:  layout_caves, nicolae_slime_getting_an_eyeful
Slime:2:  layout_caves, uniq_dissolution
Slime:3:  layout_caves
Slime:4:  layout_caves
Slime:5:  slime_pit_nicolae_jellycorners
Orc:1:    layout_caves
Orc:2:    st_orc_elflike, layout_caves
Elf:1:    eino_elf_arrival_shootout, layout_loops_corners,
          nicolae_elf_blasts_and_bolts, minmay_shoptagon
Elf:2:    elven_hall_of_blades_hangedman_original [nicolae_blade_bullseye],
          layout_geoelf_octagon, serial_shops, shop
Elf:3:    elf_hall, layout_loops_cross, serial_shops, nicolae_lakefront_shop,
          nicolae_elf_variegated_diamond
Vaults:1: nicolae_vaults_tetromino_Z_2, nicolae_vaults_shelves_hall,
          v_pattern_1, grunt_vaults_hallway_short, v_misc_10,
          nicolae_vaults_closet_pinwheel_6, lightli_orcish_oven,
          nicolae_vaults_closet_pinwheel_5, vaults_mumra_hex,
          vaults_room_semicircle, nicolae_vaults_house_3,
          grunt_vaults_hallway_short, layout_vaults_omnibox, serial_shops,
          shop_statue, nicolae_diamond_shop, nicolae_shop_peninsula,
          uniq_saint_roka
Vaults:2: ontoclasm_vaults_bender, nicolae_vaults_lightning_bolt,
          nicolae_vaults_closet_pinwheel_5, ontoclasm_vaults_loading_screen,
          nicolae_vaults_stairing_the_circle, nicolae_vaults_halls_meeting,
          v_misc_5, nicolae_vaults_ellipses_ellipsis, v_misc_2, v_misc_14,
          v_misc_28, nicolae_vaults_hexular_roomagon, hangedman_vaults_impose,
          layout_vaults_maze, serial_shops, bzr_entry_safe, nicolae_square_shop,
          nicolae_shop_stone
Vaults:3: nicolae_vaults_trapezoid_lopsided_4, nicolae_vaults_c_with_doors,
          nicolae_vaults_storage_room_glass,
          nicolae_vaults_door_testing_chamber, vaults_mumra_chevron,
          nicolae_vaults_what_the_h, vaults_room_hallway,
          nicolae_vaults_trapezoid_lopsided_2, v_misc_24,
          nicolae_vaults_house_1, minmay_crypt_entry_simple_corners, v_misc_10,
          nicolae_vaults_tangram_1, layout_vaults_big_room
Vaults:4: v_misc_9, grunt_vaults_diagonal, nicolae_vaults_storage_room_statues,
          v_pattern_5, nicolae_vaults_stepped_doors, nicolae_vaults_wine_cellar,
          nicolae_vaults_more_shelving_1, v_misc_12, nicolae_vaults_tangram_2,
          layout_vaults_omnigrid, serial_shops, bzr_in_the_mist
Vaults:5
Crypt:1:  layout_basic, uniq_josephina
Crypt:2:  layout_misc_corridors, uniq_khufu
Crypt:3:  due_elkab, layout_chaotic_city, tomb_entry_forgotten_bobbens,
          uniq_xtahua, uniq_jory
Depths:1: layout_cave_pools, hellmouth_2, nicolae_gozag_zags_fifth_avenue,
          nicolae_the_louvre
Depths:2: regret_index_reflect_refract, layout_small_grid,
          pf_vacation_house_of_asmodeus, chequers_serial_rivers_small_a,
          rand_demon_pan_entry_3, serial_shops, nicolae_shop_tiny_glass,
          grunt_qazlal_sundering, minmay_shop_grove
Depths:3: hangedman_spin_cycle, hell_entry, abyss_entry, uniq_mara, uniq_norris
Depths:4: evilmike_zot_entry_diamond, layout_cave_pools, enter_ziggurat_a,
          pan_entry, evilmike_ruin_ashenzari, serial_shops,
          nicolae_shop_pleasant_corner_grove, shop, hellmouth_1,
          nzn_hepliaklqana_mist_gate
Hell
Geh:1:    layout_gehenna_lava_caves
Geh:2:    layout_gehenna_pools_box, nicolae_geh_lavax
Geh:3:    nicolae_geh_seventh_circle, layout_gehenna_lava_caves
Geh:4:    layout_gehenna_lava_caves, nicolae_geh_lava_in_the_way
Geh:5:    layout_gehenna_pools_basic, nicolae_geh_lava_rosette
Geh:6:    layout_gehenna_lava_caves
Geh:7:    geh_old
Coc:1:    layout_cocytus_water_paths
Coc:2:    layout_ice_bergs
Coc:3:    layout_ice_bergs
Coc:4:    layout_ice_bergs, serial_ice, serial_ice_h, serial_ice_e
Coc:5:    layout_ice_bergs
Coc:6:    layout_ice_bergs
Coc:7:    coc_grunt
Zot:1:    layout_misc_corridors
Zot:2:    cheibrodos_zot_enchanting_chambers, layout_misc_corridors
Zot:3:    layout_gridlike, skrybe_zot_glass_1, hangedman_zot_decor_slant
Zot:4:    ebering_greatest_show_in_zot, layout_misc_corridors,
          regret_index_zotdec_golden_two_three, ebering_ghost_xom
Zot:5:    layout_misc_corridors

Table legend: (Time is in decaauts)
 A = Elapsed time spent in this place.
 B = Non-inter-level travel time spent in this place.
 C = Inter-level travel time spent in this place.
 D = Time resting spent in this place.
 E = Time spent auto-exploring this place.
 F = Levels seen in this place.
 G = Mean time per level.
                   A        B        C        D        E       F      G
               +--------+--------+--------+--------+--------+-----+--------+
         Total |  74929 |  67203 |   7726 |    865 |  46124 |  89 |  841.9 |
       Dungeon |  15504 |  12297 |   3207 |     28 |   9764 |  15 | 1033.6 |
          Lair |   4861 |   4259 |    602 |      4 |   3098 |   5 |  972.2 |
        Shoals |   3450 |   3364 |     86 |      0 |   2766 |   4 |  862.5 |
   Spider Nest |   4218 |   3905 |    313 |     17 |   2944 |   4 | 1054.5 |
    Slime Pits |   1200 |    997 |    203 |    306 |    181 |   5 |  240.0 |
  Orcish Mines |   1130 |    847 |    283 |      0 |    648 |   2 |  565.0 |
   Elven Halls |   3596 |   3101 |    495 |      6 |   2404 |   3 | 1198.7 |
        Vaults |   7669 |   6792 |    877 |    142 |   4386 |   5 | 1533.8 |
         Crypt |   2930 |   2761 |    169 |      0 |   1961 |   3 |  976.7 |
        Depths |   5307 |   4624 |    683 |     17 |   3245 |   4 | 1326.8 |
          Hell |    991 |    952 |     39 |      0 |    624 |   1 |  991.0 |
       Gehenna |   2223 |   2202 |     21 |      0 |   1526 |   7 |  317.6 |
       Cocytus |   4270 |   3984 |    286 |    206 |   2171 |   7 |  610.0 |
           Zot |   4621 |   4164 |    457 |      0 |   2915 |   5 |  924.2 |
         Abyss |    651 |    651 |      0 |      9 |     32 |   4 |  162.8 |
   Pandemonium |  10564 |  10564 |      0 |    129 |   6398 |  10 | 1056.4 |
        Bazaar |    230 |    230 |      0 |      0 |    101 |   2 |  115.0 |
        Bailey |    396 |    396 |      0 |      0 |    240 |   1 |  396.0 |
      Ice Cave |    515 |    515 |      0 |      0 |    275 |   1 |  515.0 |
      Gauntlet |    592 |    592 |      0 |      0 |    443 |   1 |  592.0 |
               +--------+--------+--------+--------+--------+-----+--------+

Top non-repeatable levels by time:
   Coc:7: 2153 daAuts
Vaults:5: 2041 daAuts
   Zot:4: 1737 daAuts
Depths:3: 1664 daAuts
Vaults:4: 1655 daAuts
Depths:2: 1589 daAuts
    D:14: 1528 daAuts
Vaults:1: 1441 daAuts
   Elf:3: 1408 daAuts
     D:4: 1391 daAuts
 Crypt:3: 1361 daAuts
    D:15: 1341 daAuts
Vaults:2: 1314 daAuts
     D:9: 1306 daAuts
   Elf:1: 1298 daAuts

Table legend:
 A = Kills in this place as a percentage of kills in the entire game.
 B = Kills by you in this place as a percentage of kills by you in the entire game.
 C = Kills by friends in this place as a percentage of kills by friends in the entire game.
 D = Other kills in this place as a percentage of other kills in the entire game.
 E = Experience gained in this place as a percentage of experience gained in the entire game.
 F = Experience gained in this place divided by the number of levels of this place that you have seen.
                   A       B       C       D       E      F
               +-------+-------+-------+-------+-------+----------------------
         Total | 100.0 | 100.0 | 100.0 | 100.0 | 100.0 | 27371.6
       Dungeon |  10.8 |   9.5 |  33.5 |   0.0 |   3.1 | 4966.1
          Lair |   6.4 |   4.7 |  34.6 |   8.1 |   2.5 | 12331.6
        Shoals |   3.4 |   3.6 |   0.0 |   0.0 |   2.6 | 16065.8
   Spider Nest |   7.5 |   7.3 |  10.6 |   5.4 |   4.6 | 27791.0
    Slime Pits |   2.7 |   2.9 |   0.0 |   0.0 |   2.5 | 12065.8
  Orcish Mines |   0.9 |   0.9 |   1.1 |   2.7 |   0.3 | 3974.0
   Elven Halls |   4.5 |   4.7 |   0.5 |   8.1 |   4.6 | 37734.3
        Vaults |  12.1 |  12.8 |   2.1 |   2.7 |  14.2 | 68958.6
         Crypt |   5.7 |   6.1 |   0.0 |   2.7 |   5.2 | 42574.3
        Depths |   7.5 |   8.0 |   0.5 |   0.0 |   9.5 | 58046.8
          Hell |   2.1 |   2.3 |   0.0 |   0.0 |   2.0 | 49146.0
       Gehenna |   3.0 |   3.0 |   2.7 |   0.0 |   5.1 | 17775.6
       Cocytus |   6.1 |   5.9 |   4.3 |  27.0 |   9.2 | 31921.9
           Zot |   7.2 |   7.6 |   0.5 |   8.1 |  12.8 | 62346.4
         Abyss |   1.6 |   1.7 |   0.5 |   0.0 |   1.3 | 7999.2
   Pandemonium |  16.5 |  17.3 |   4.3 |  16.2 |  19.6 | 47827.6
        Bailey |   0.4 |   0.3 |   0.5 |   0.0 |   0.0 | 1151.0
      Ice Cave |   1.2 |   1.0 |   0.5 |  16.2 |   0.6 | 14366.0
      Gauntlet |   0.5 |   0.3 |   3.7 |   2.7 |   0.2 | 3765.0
               +-------+-------+-------+-------+-------+----------------------
